Workbook

Sheet Instructivo
B2: EVALUACIÓN INDEPENDIENTE SISTEMA DE CONTROL INTERNO Entidades Pequeñas (instrucciones para su diligenciamiento)
B3: Teniendo en cuenta que con la expedición del Decreto 1499 de 2017 “Por medio del cual se modifica el Decreto 1083 de 2015, Decreto Único Reglamentario del Sector Función Pública, en lo relacionado con el Sistema de Gestión establecido en el artículo 133 de la Ley 1753 de 2015”, se crea un solo Sistema de Gestión y se alinea con el Sistema de Control Interno, hoy todas las entidades públicas requieren actualizar y/o implementar el Modelo Integrado de Planeación y Gestión MIPG, modelo que incorpora el Modelo Estándar de Control Interno MECI a través de la 7a dimensión del mismo. Esta estructura requiere de un análisis articulado frente al desarrollo de las políticas de gestión y desempeño contenidas en el modelo y su efectividad en relación con la estructura de control, este útlimo, aspecto esecial para garantizar el buen manejo de los recursos, que las metas y objetivos se cumplan y se mejore la prestación del servicio a los usuarios, ejes fundamentales para la generación de valor público. Teniendo en cuenta lo anterior y dada la necesidad de dar cumplimiento a la dispuesto en el articulo 156 del Decreto 2106 de 2019, el presente formatobusca que las entidades cuenten con una herramienta para evaluar sus Sistemas de Control Interno de manera integral y permitirle al Jefe de Control Interno o quien haga sus veces llevar a cabo el informe de evaluación independiente sobre el mismo para su publicación cada seis (6) meses, en el sitio web de la entidad. La estructura propuesta es diferencial para aquellas entidades de municipios de 6a categoría (Personerías y Concejos Municipales) que son entidades con 1 y hasta 5 servidores en sus plantas de personal. Estas entidades deben tener en cuenta que de acuerdo con el parágrafo del artículo ARTÍCULO 2.2.22.2.1. del Decreto 1499 de 2017, las políticas de gestión y desempeño contenidas en el Modelo Integrado de Planeación y Gestión MIPG, deben ser aplicadas acorde con las normas que las regulan, por lo que deben analizar dichas políticas e implementarlas en armonía con el MECI.
B5: Orientaciones Generales
B6: El archivo contiene las siguientes hojas: - 1 Pestaña que desarrolla la estructura para evaluar el estado del Sistema de Control Interno: Se desagrega en "Ambiente de Control", "Evaluación de riesgos", "Actividades de control", "Información y Comunicación", y " Actividades de Monitoreo", componentes actuales del Modelo Estándar de Control Interno MECI. La estructura es la siguiente para el diligenciamiento:
C9: Columna | E9: Descripción
C10: Componente del MECI asociado | E10: Esta columna define los componentes del MECI.
C11: Lineamiento General por Componente | E11: En esta columna establece el lineamientos general para cada uno de los componentes del MECI
C12: Requerimiento Asociado al Componente | E12: Se muestran una serie de preguntas con 3 opciones de respuesta así: 1. SI 2.NO 3. EN PROCESO
C13: Evidencia de Seguimiento al Control | E13: Establezca actividades adelantadas de aplicación del documento o elemento antes identificado (esto cuando se responde SI o bien EN PROCESO)
B15: - Análisis de Resultados: Esta hoja permite consolidar los resultados para cada componente evaluado.
C16: Clasificación | E16: Observaciones del Control
C17: Mantenimiento del Control | E17: Existe requerimiento pero se requiere actividades dirigidas a su mantenimiento dentro del marco de las lineas de defensa.
C18: Oportunidad de Mejora | E18: Se encuentra en proceso, pero requiere continuar con acciones dirigidas a contar con dicho aspecto de control
C19: Deficiencia del Control | E19: No se encuentra el aspecto por lo tanto la entidad debera generar acciones dirigidas a que se cumpla con el requerimiento .
B22: - Conclusiones: Esta hoja permite establecer el estado del Sistema de Control Interno evaluado, información a partir de la cual se definen las acciones de mejora correspondientes. Esta hoja será el informe para publicación en página web, o bien para ubicar en un lugar visible en la sede de la entidad (esto para aquellas que no cuentan con conectividad o página web en operación).

Sheet Estado SCI
B14: MEDICION ESTADO DEL SISTEMA DE CONTROL INTERNO EN LA ENTIDAD
B15: No. | C15: Componente del MECI asociado | D15: Lineamiento General por Componente | E15: Literal | F15: Requerimiento asociado al componente | G15: Seguimiento al control (Si, No, En proceso) | H15: Evidencia de seguimiento al control (Establezca actividades adelantadas de aplicación del documento o elemento antes identificado, esto cuando se responde SI o bien EN PROCESO | I15: Evaluación
A16: =1&E16 -> 1a | B16: 1 | C16: AMBIENTE DE CONTROL | D16: El ambiente de control institucional está integrado por todas esas condiciones mínimas que debe garantizar cualquier entidad pública para el ejercicio del control interno. Para el caso de su entidad indique si se cuenta con: | E16: a | F16: Documento interno o adopción del MECI actualizado | G16: Si | H16: Mediante resolucion 040 de 01 de junio de 2023, fue actualizada y modificada la resolucion 010 de 2018, la cual crea y asigna funciones al comité institucional de coordinacion de control interno del IMEBU, el cual viene operando conforme a lo alli establecido. | I16: =+IF(G16="Si","Mantenimiento del control",IF(G16="En proceso","Oportunidad de mejora","Deficiencia de control")) -> Mantenimiento del control | J16: =+IF(G16="Si",20,IF(G16="En proceso",10,0)) -> 20 | K16: 0.123 | L16: =+J16+K16 -> 20.123
A17: =1&E17 -> 1b | E17: b | F17: Un documento tal como un código de ética, integridad u otro que formalice los estándares de conducta, los principios institucionales o los valores del servicio público | G17: Si | H17: Mediente resolucion 110 de octubre 8 de 2018 adopta el codigo de integridad del IMEBU, del cual hace parte integral el codigo de integridad, el cual especifica los valores del servicio publico y la manera en que se deben integrar al desarrollo de las funciones. Con base en lo anterior se evidenciaron socializaciones y jornadas de conocimiento de este entre funcionarios y contratistas de la entidad. | I17: =+IF(G17="Si","Mantenimiento del control",IF(G17="En proceso","Oportunidad de mejora","Deficiencia de control")) -> Mantenimiento del control | J17: =+IF(G17="Si",20,IF(G17="En proceso",10,0)) -> 20 | K17: 0.1234 | L17: =+J17+K17 -> 20.1234
A18: =1&E18 -> 1c | E18: c | F18: Planes, programas y proyectos de acuerdo con las normas que rigen y atendiendo con su propósito fundamental institucional (misión) | G18: Si | H18: El IMEBU a través del plan de acción implementa los planes, programas y proyectos asociados al plan de desarrollo municipal y acorde a los objetivos institucionales. Se evidencian avances en ejecucion y oferta institucional a la comunidad. | I18: =+IF(G18="Si","Mantenimiento del control",IF(G18="En proceso","Oportunidad de mejora","Deficiencia de control")) -> Mantenimiento del control | J18: =+IF(G18="Si",20,IF(G18="En proceso",10,0)) -> 20 | K18: 0.12345 | L18: =+J18+K18 -> 20.12345
A19: =1&E19 -> 1d | E19: d | F19: Una estructura organizacional formalizada (organigrama) | G19: En proceso | H19: La entidad cuenta con un organigrama establecido conforme a la planta de personal, sin embargo este no es adecuado a los objetivos institucionales, a las normas de austeridad en el gasto y a la formalizacion laboral, por lo tanto se requiere un estudio de reestructuracion. | I19: =+IF(G19="Si","Mantenimiento del control",IF(G19="En proceso","Oportunidad de mejora","Deficiencia de control")) -> Oportunidad de mejora | J19: =+IF(G19="Si",20,IF(G19="En proceso",10,0)) -> 10 | K19: 0.123456 | L19: =+J19+K19 -> 10.123456
A20: =1&E20 -> 1e | E20: e | F20: Un manual de funciones que describa los empleos de la entidad | G20: Si | H20: El manual de funciones fue actualizado acorde a la normatividad legal vigente y aprobado mediente junta directiva, está publicado en pagina web institucional y rigiendo a lo pertinente. | I20: =+IF(G20="Si","Mantenimiento del control",IF(G20="En proceso","Oportunidad de mejora","Deficiencia de control")) -> Mantenimiento del control | J20: =+IF(G20="Si",20,IF(G20="En proceso",10,0)) -> 20 | K20: 0.12345678 | L20: =+J20+K20 -> 20.123457
A21: =1&E21 -> 1f | E21: f | F21: La documentación de sus procesos y procedimientos o bien una lista de actividades principales que permitan conocer el estado de su gestión | G21: Si | H21: El instituto se rige de acuerdo a lo establecido en el mapa de procesos y los procedimientos establecidos en cada uno de ellos, en el desarrollo de los mismos se cuenta con documentación establecida por el sistema de gestión de calidad como actas de reunión, informes de seguimiento, procedimientos por programas entre otros, que permiten conocer y soportar el estado de la gestión. Se evidencia actualizacion y socializacion del SICG asi como programa de auditoria, se recomienda su ejecucion en el segundo semestre de la vigencia en curso. | I21: =+IF(G21="Si","Mantenimiento del control",IF(G21="En proceso","Oportunidad de mejora","Deficiencia de control")) -> Mantenimiento del control | J21: =+IF(G21="Si",20,IF(G21="En proceso",10,0)) -> 20 | K21: 0.12345679 | L21: =+J21+K21 -> 20.123457
A22: =1&E22 -> 1g | E22: g | F22: Vinculación de los servidores públicos de acuerdo con el marco normativo que les rige (carrera administrativa, libre nombramiento y remoción, entre otros) | G22: Si | H22: La vinculación de los servidores públicos del instituto se realiza acorde a la normatividad vigente y cuenta con funcionarios en carrera administrativa, libre nombramiento y remoción y periodo fijo como lo indica la norma. | I22: =+IF(G22="Si","Mantenimiento del control",IF(G22="En proceso","Oportunidad de mejora","Deficiencia de control")) -> Mantenimiento del control | J22: =+IF(G22="Si",20,IF(G22="En proceso",10,0)) -> 20 | K22: 0.12345679 | L22: =+J22+K22 -> 20.123457
A23: =1&E23 -> 1h | E23: h | F23: Procesos de inducción, capacitación y bienestar social para sus servidores públicos, de manera directa o en asociación con otras entidades municipales | G23: Si | H23: Se evidencia programas de induccion y re induccion, asi como desarrollo de plan de bienestar institucional. | I23: =+IF(G23="Si","Mantenimiento del control",IF(G23="En proceso","Oportunidad de mejora","Deficiencia de control")) -> Mantenimiento del control | J23: =+IF(G23="Si",20,IF(G23="En proceso",10,0)) -> 20 | K23: 0.12345679 | L23: =+J23+K23 -> 20.123457
A24: =1&E24 -> 1i | E24: i | F24: Evaluación a los servidores públicos de acuerdo con el marco normativo que le rige | G24: Si | H24: Se evidencia programacion y socializacion de metas con empleado de carrera administrativa, se recomienda evaluaciones periodicas dentro del termino establecido. | I24: =+IF(G24="Si","Mantenimiento del control",IF(G24="En proceso","Oportunidad de mejora","Deficiencia de control")) -> Mantenimiento del control | J24: =+IF(G24="Si",20,IF(G24="En proceso",10,0)) -> 20 | K24: 0.12345679 | L24: =+J24+K24 -> 20.123457
A25: =1&E25 -> 1j | E25: j | F25: Procesos de desvinculación de servidores de acuerdo con lo previsto en la Constitución Política y las leyes | G25: En proceso | H25: En octubre del 2022 se creó el formato de entrevista de retiro garantizando al funcionario lo previsto en la normatividad vigente, así como seguimiento interno que permita conocer el motivo de las desvinculaciones en la entidad. Sin embargo no se cuenta con proceso de paz y salvo a funcionarios, lo que dificulta la entrega de los cargos y el proceso de transicion, se recomienda implementar este proceso | I25: =+IF(G25="Si","Mantenimiento del control",IF(G25="En proceso","Oportunidad de mejora","Deficiencia de control")) -> Oportunidad de mejora | J25: =+IF(G25="Si",20,IF(G25="En proceso",10,0)) -> 10 | K25: 0.12345679 | L25: =+J25+K25 -> 10.123457
A26: =1&E26 -> 1k | E26: k | F26: Mecanismos de rendición de cuentas a la ciudadanía | G26: En proceso | H26: Se realizó reunion de socializacion de estrategia de rendicion de cuenta, se requiere implementacion y programacion de audiencia publica para el segundo semestre de la vigencia. | I26: =+IF(G26="Si","Mantenimiento del control",IF(G26="En proceso","Oportunidad de mejora","Deficiencia de control")) -> Oportunidad de mejora | J26: =+IF(G26="Si",20,IF(G26="En proceso",10,0)) -> 10 | K26: 0.12345679 | L26: =+J26+K26 -> 10.123457
A27: =1&E27 -> 1l | E27: l | F27: Presentación oportuna de sus informes de gestión a las autoridades competentes | G27: Si | H27: Se evidencia la presentacion oportuna de informes de gestion al concejo municipal y demas autoridades competentes. | I27: =+IF(G27="Si","Mantenimiento del control",IF(G27="En proceso","Oportunidad de mejora","Deficiencia de control")) -> Mantenimiento del control | J27: =+IF(G27="Si",20,IF(G27="En proceso",10,0)) -> 20 | K27: 0.12345679 | L27: =+J27+K27 -> 20.123457
A28: =2&E28 -> 2a | B28: 2 | C28: EVALUACION DEL RIESGO | D28: Toda entidad debe identificar, evaluar y gestionar eventos potenciales, tanto internos como externos, que puedan afectar el logro de los objetivos institucionales. Para el caso de su entidad indique si se cuenta con: | E28: a | F28: Identificación de cambios en su entorno que pueden generar consecuencias negativas en su gestión | G28: Si | H28: A través de los diferentes seguimientos (mapa de riesgos, auditorías internas, auditorías externas, informes de seguimiento, entre otros) se pueden identificar factores negativos que puedan incidir en el cumplimiento de los objetivos institucionales. Se requiere mayor atencion a las recomendaciones de la oficina de control interno en el ejercicio de mitigacion de riesgos. | I28: =+IF(G28="Si","Mantenimiento del control",IF(G28="En proceso","Oportunidad de mejora","Deficiencia de control")) -> Mantenimiento del control | J28: =+IF(G28="Si",40,IF(G28="En proceso",30,20)) -> 40 | K28: 0.23 | L28: =+J28+K28 -> 40.23
A29: =2&E29 -> 2b | E29: b | F29: Identificación de aquellos problemas o aspectos que pueden afectar el cumplimiento de los planes de la entidad y en general su gestión institucional (riesgos) | G29: En proceso | H29: Se cuenta con mapa de riesgos institucional para la vigencia 2025, sin embargo en seguimiento se evidenciaron controles no efectivos o que no mitigan el riesgos identificado, por otro lado requiere actualizacion respecto a los riesgos mas prominentes de cada proceso. | I29: =+IF(G29="Si","Mantenimiento del control",IF(G29="En proceso","Oportunidad de mejora","Deficiencia de control")) -> Oportunidad de mejora | J29: =+IF(G29="Si",40,IF(G29="En proceso",30,20)) -> 30 | K29: 0.234 | L29: =+J29+K29 -> 30.234
A30: =2&E30 -> 2c | E30: c | F30: Identificación de los riesgos relacionados con posibles actos de corrupción en el ejercicio de sus funciones | G30: Si | H30: El mapa de riesgos institucional consolidado para la presente vigencia, incluye riesgos de corrupcion conforme a la version 6 de la guia de administracion del riesgo. | I30: =+IF(G30="Si","Mantenimiento del control",IF(G30="En proceso","Oportunidad de mejora","Deficiencia de control")) -> Mantenimiento del control | J30: =+IF(G30="Si",40,IF(G30="En proceso",30,20)) -> 40 | K30: 0.2345 | L30: =+J30+K30 -> 40.2345
A31: =2&E31 -> 2d | E31: d | F31: Si su capacidad e infraestructura lo permite, identificación de riesgos asociados a las tecnologías de la información y las comunicaciones | G31: Si | H31: El instituto cuenta con un plan de seguridad de la informacion el cual especifica los riesgos que se pueden presentar, asociados a la tecnología y las comunicaciones, de igual forma el mapa de riesgos institucional cuenta con riesgos informaticos y sus respectivas acciones de mitigacion. | I31: =+IF(G31="Si","Mantenimiento del control",IF(G31="En proceso","Oportunidad de mejora","Deficiencia de control")) -> Mantenimiento del control | J31: =+IF(G31="Si",40,IF(G31="En proceso",30,20)) -> 40 | K31: 0.23456 | L31: =+J31+K31 -> 40.23456
A32: =3&E32 -> 3a | B32: 3 | C32: EVALUACION DEL RIESGO | D32: Los líderes de los programas, proyectos, o procesos de la entidad junto con sus equipos de trabajo: | E32: a | F32: Hacen seguimiento a los problemas (riesgos) que pueden afectar el cumplimiento de sus procesos, programas o proyectos a cargo | G32: Si | H32: Se evidencia monitoreo y seguimiento al mapa de riesgos institucional. | I32: =+IF(G32="Si","Mantenimiento del control",IF(G32="En proceso","Oportunidad de mejora","Deficiencia de control")) -> Mantenimiento del control | J32: =+IF(G32="Si",40,IF(G32="En proceso",30,20)) -> 40 | K32: 0.234567 | L32: =+J32+K32 -> 40.234567
A33: =3&E33 -> 3b | E33: b | F33: Informan de manera periódica a quien corresponda sobre el desempeño de las actividades de gestión de riesgos | G33: En proceso | H33: Conforme a seguimientos cuatrimestrales de ley, se ha comunicado el desempeño de los riesgos identificados, sin embargo se requiere actualizacion conforme las recomendaciones expuestas en seguimiento OCI. | I33: =+IF(G33="Si","Mantenimiento del control",IF(G33="En proceso","Oportunidad de mejora","Deficiencia de control")) -> Oportunidad de mejora | J33: =+IF(G33="Si",40,IF(G33="En proceso",30,20)) -> 30 | K33: 0.2345678 | L33: =+J33+K33 -> 30.234568
A34: =3&E34 -> 3c | E34: c | F34: Identifican deficiencias en las maneras de controlar los riesgos o problemas en sus procesos, programas o proyectos, y propone los ajustes necesarios | G34: En proceso | H34: Desde la OCI a traves de los diferentes seguimientos se vienen identificando deficiencias en el control de riesgos, los cuales han sido reportados a la alta direccion para tomar las medidas pertinentes. | I34: =+IF(G34="Si","Mantenimiento del control",IF(G34="En proceso","Oportunidad de mejora","Deficiencia de control")) -> Oportunidad de mejora | J34: =+IF(G34="Si",40,IF(G34="En proceso",30,20)) -> 30 | K34: 0.23456789 | L34: =+J34+K34 -> 30.234568
A35: =4&E35 -> 4a | B35: 4 | C35: EVALUACION DEL RIESGO | D35: Para el manejo de los problemas que afectan el cumplimiento de las metas u objetivos institucionales (riesgos), el jefe de control interno o quien haga sus veces, ha podido evidenciar si en la entidad: | E35: a | F35: Se definen espacios de reunión para conocerlos y proponer acciones para su solución | G35: Si | H35: Se evidencian reuniones de socializacion de riesgos y propuestas de mejora e implementacion de las acciones correctivas propuestas. | I35: =+IF(G35="Si","Mantenimiento del control",IF(G35="En proceso","Oportunidad de mejora","Deficiencia de control")) -> Mantenimiento del control | J35: =+IF(G35="Si",40,IF(G35="En proceso",30,20)) -> 40 | K35: 0.23456789 | L35: =+J35+K35 -> 40.234568
A36: =4&E36 -> 4b | E36: b | F36: Cada líder del equipo autónomamente toma las acciones para solucionarlos. | G36: En proceso | H36: Se evidencia voluntad por parte de los lideres de proceso para la toma de decisiones en la mitigacion de riesgos, sin embargo se debe reflejar en el documento establecido y las acciones planteadas. | I36: =+IF(G36="Si","Mantenimiento del control",IF(G36="En proceso","Oportunidad de mejora","Deficiencia de control")) -> Oportunidad de mejora | J36: =+IF(G36="Si",40,IF(G36="En proceso",30,20)) -> 30 | K36: 0.23456789 | L36: =+J36+K36 -> 30.234568
A37: =4&E37 -> 4c | E37: c | F37: Solamente hasta que un organismo de control actúa se definen acciones de mejora. | G37: Si | H37: Se evidencian implementaciones de acciones de mejora conforme a las recomendaciones de la oficina de control interno e identificacion de riesgos por procesos. | I37: =+IF(G37="Si","Mantenimiento del control",IF(G37="En proceso","Oportunidad de mejora","Deficiencia de control")) -> Mantenimiento del control | J37: =+IF(G37="Si",40,IF(G37="En proceso",30,20)) -> 40 | K37: 0.23456789 | L37: =+J37+K37 -> 40.234568
A38: =5&E38 -> 5a | B38: 5 | C38: ACTIVIDADES DE CONTROL | D38: Una vez identificados los problemas que afectan el cumplimiento de los planes de la entidad o su gestión institucional, la entidad debe diseñar los controles o mecanismos para darles tratamiento. Para el caso de su entidad indique si se cuenta con: | E38: a | F38: La definición de acciones o actividades para para dar tratamiento a los problemas identificados (mitigación de riesgos), incluyendo aquellos asociados a posibles actos de corrupción | G38: Si | H38: El mapa de riesgos institucional incluye las acciones encaminadas a la mitigación de estos. | I38: =+IF(G38="Si","Mantenimiento del control",IF(G38="En proceso","Oportunidad de mejora","Deficiencia de control")) -> Mantenimiento del control | J38: =+IF(G38="Si",60,IF(G38="En proceso",50,40)) -> 60 | K38: 0.31 | L38: =+J38+K38 -> 60.31
A39: =5&E39 -> 5b | E39: b | F39: Mecanismos de verificación de si se están o no mitigando los riesgos, o en su defecto, elaboración de planes de contingencia para subsanar sus consecuencias | G39: Si | H39: Los seguimientos de la oficina de control interno se vienen realizando cuatrimestralmente, conforme a ello se han citado a mesas de trabajo para la actualizacion de acciones y riesgos por proceso. | I39: =+IF(G39="Si","Mantenimiento del control",IF(G39="En proceso","Oportunidad de mejora","Deficiencia de control")) -> Mantenimiento del control | J39: =+IF(G39="Si",60,IF(G39="En proceso",50,40)) -> 60 | K39: 0.323 | L39: =+J39+K39 -> 60.323
A40: =5&E40 -> 5c | E40: c | F40: Planes, acciones o estrategias que permitan subsanar las consecuencias de la materialización de los riesgos, cuando se presentan | G40: Si | H40: Planes de mejoramiento suscritos | I40: =+IF(G40="Si","Mantenimiento del control",IF(G40="En proceso","Oportunidad de mejora","Deficiencia de control")) -> Mantenimiento del control | J40: =+IF(G40="Si",60,IF(G40="En proceso",50,40)) -> 60 | K40: 0.324 | L40: =+J40+K40 -> 60.324
A41: =5&E41 -> 5d | E41: d | F41: Un documento que consolide los riesgos y el tratamiento que se les da, incluyendo aquellos que conllevan posibles actos de corrupción y si la capacidad e infraestructura lo permite, los asociados con las tecnologías de la información y las comunicaciones | G41: Si | H41: Mapa de riesgos institucional | I41: =+IF(G41="Si","Mantenimiento del control",IF(G41="En proceso","Oportunidad de mejora","Deficiencia de control")) -> Mantenimiento del control | J41: =+IF(G41="Si",60,IF(G41="En proceso",50,40)) -> 60 | K41: 0.325 | L41: =+J41+K41 -> 60.325
A42: =5&E42 -> 5e | E42: e | F42: Un plan anticorrupción y de servicio al ciudadano con los temas que le aplican, publicado en algún medio para conocimiento de la ciudadanía | G42: Si | H42: El plan anticorrupción y atención al ciudadano de la entidad es aprobado y publicado en página web institucional. | I42: =+IF(G42="Si","Mantenimiento del control",IF(G42="En proceso","Oportunidad de mejora","Deficiencia de control")) -> Mantenimiento del control | J42: =+IF(G42="Si",60,IF(G42="En proceso",50,40)) -> 60 | K42: 0.326 | L42: =+J42+K42 -> 60.326
A43: =6&E43 -> 6a | B43: 6 | C43: INFORMACION Y COMUNICACIÓN | D43: Las entidades deben procurar, de acuerdo con sus propias capacidades internas, que la información y la comunicación que requiere para su gestión y control interno fluya de manera clara. Acorde con lo anterior, indique si se cuenta con: | E43: a | F43: Responsables de la información institucional | G43: Si | H43: Se tienen identificados los responsables de la informacion por procesos y el manejo que se le da a la misma. | I43: =+IF(G43="Si","Mantenimiento del control",IF(G43="En proceso","Oportunidad de mejora","Deficiencia de control")) -> Mantenimiento del control | J43: =+IF(G43="Si",80,IF(G43="En proceso",70,60)) -> 80 | K43: 0.412 | L43: =+J43+K43 -> 80.412
A44: =6&E44 -> 6b | E44: b | F44: Canales de comunicación con los ciudadanos | G44: Si | H44: La entidad cuenta con página web, línea pbx y correo institucional, el link en pagina web institucional, para atencion al ciudadano se encuentra en implementacion. | I44: =+IF(G44="Si","Mantenimiento del control",IF(G44="En proceso","Oportunidad de mejora","Deficiencia de control")) -> Mantenimiento del control | J44: =+IF(G44="Si",80,IF(G44="En proceso",70,60)) -> 80 | K44: 0.4123 | L44: =+J44+K44 -> 80.4123
A45: =6&E45 -> 6c | E45: c | F45: Canales de comunicación o mecanismos de reporte de información a otros organismos gubernamentales o de control | G45: Si | H45: A parte de los canales habituales para la ciudadanía se da manejo a plataformas gubernamentales como Secop, Sigep y Sia contralorías. Se recomienda la publicacion dentro del termino y como lo indica la norma en las plataformas mencionadas anteriormente. | I45: =+IF(G45="Si","Mantenimiento del control",IF(G45="En proceso","Oportunidad de mejora","Deficiencia de control")) -> Mantenimiento del control | J45: =+IF(G45="Si",80,IF(G45="En proceso",70,60)) -> 80 | K45: 0.41234 | L45: =+J45+K45 -> 80.41234
A46: =6&E46 -> 6d | E46: d | F46: Lineamientos para dar tratamiento a la información de carácter reservado | G46: Si | H46: Se cuenta con herramienta de indice de informacion reservada y clasificada, la cual fue actualizada en la vigencia anterior, se recomienda revision constante de la misma. | I46: =+IF(G46="Si","Mantenimiento del control",IF(G46="En proceso","Oportunidad de mejora","Deficiencia de control")) -> Mantenimiento del control | J46: =+IF(G46="Si",80,IF(G46="En proceso",70,60)) -> 80 | K46: 0.412345 | L46: =+J46+K46 -> 80.412345
A47: =6&E47 -> 6e | E47: e | F47: Identificación de información que produce en el marco de su gestión (Para los ciudadanos, organismos de control, organismos gubernamentales, entre otros) | G47: Si | H47: La información de interés general es publicada en la página web de la entidad y de organismos gubernamentales a través de secop, sigep, sia contralorías y sia observa. Se requiere mantener actualizada la pagina web institucional, especificamente en asuntos presupuestales. | I47: =+IF(G47="Si","Mantenimiento del control",IF(G47="En proceso","Oportunidad de mejora","Deficiencia de control")) -> Mantenimiento del control | J47: =+IF(G47="Si",80,IF(G47="En proceso",70,60)) -> 80 | K47: 0.4123456 | L47: =+J47+K47 -> 80.412346
A48: =6&E48 -> 6f | E48: f | F48: Identificación de información necesaria para la operación de la entidad (normograma, presupuesto, talento humano, infraestructura física y tecnológica) | G48: En proceso | H48: A traves de la pagina web institucional se viene identificando y diferenciando la informacion para la operación de la entidad y se viene avanzando en el cumplimiento de la resolucion 1519 de 2020. Se debe mantener actualizada la pagina en sus diferentes items, especialmente en presupuesto. | I48: =+IF(G48="Si","Mantenimiento del control",IF(G48="En proceso","Oportunidad de mejora","Deficiencia de control")) -> Oportunidad de mejora | J48: =+IF(G48="Si",80,IF(G48="En proceso",70,60)) -> 70 | K48: 0.41234567 | L48: =+J48+K48 -> 70.412346
A49: =6&E49 -> 6g | E49: g | F49: Si su capacidad e infraestructura lo permite, tecnologías de la información y las comunicaciones que soporten estos procesos | G49: Si | H49: Página web, Pbx, Correo electrónico. | I49: =+IF(G49="Si","Mantenimiento del control",IF(G49="En proceso","Oportunidad de mejora","Deficiencia de control")) -> Mantenimiento del control | J49: =+IF(G49="Si",80,IF(G49="En proceso",70,60)) -> 80 | K49: 0.41234568 | L49: =+J49+K49 -> 80.412346
A50: =7&E50 -> 7a | B50: 7 | C50: ACTIVIDADES DE MONITOREO | D50: Las entidades deben valorar: la eficiencia y eficacia de su gestión y la efectividad del control interno de la entidad pública con el propósito de detectar desviaciones y generar recomendaciones para la mejora. Para el caso de su entidad indique si se cuenta con: | E50: a | F50: Mecanismos de evaluación de la gestión (cronogramas, indicadores, listas de chequeo u otros) | G50: Si | H50: La entidad cuenta con plan de acción, indicadores de gestión, sistema integrado de gestión de calidad, plan anual de auditorías, entre otros. | I50: =+IF(G50="Si","Mantenimiento del control",IF(G50="En proceso","Oportunidad de mejora","Deficiencia de control")) -> Mantenimiento del control | J50: =+IF(G50="Si",120,IF(G50="En proceso",100,80)) -> 120 | K50: 0.851 | L50: =+J50+K50 -> 120.851
A51: =7&E51 -> 7d | E51: d | F51: Algún mecanismo para monitorear o supervisar el sistema de control interno institucional, ya sea por parte del representante legal, o del área de control interno (si la entidad cuenta con ella), o bien a través del Comité departamental o municipal de Auditoría. | G51: Si | H51: Comité institucional de Control Interno y Comité Municipal de Auditoria. | I51: =+IF(G51="Si","Mantenimiento del control",IF(G51="En proceso","Oportunidad de mejora","Deficiencia de control")) -> Mantenimiento del control | J51: =+IF(G51="Si",120,IF(G51="En proceso",100,80)) -> 120 | K51: 0.8512 | L51: =+J51+K51 -> 120.8512
A52: =7&E52 -> 7f | E52: f | F52: Medidas correctivas en caso de detectarse deficiencias en los ejercicios de evaluación, seguimiento o auditoría | G52: Si | H52: Planes de mejoramiento internos y externos. | I52: =+IF(G52="Si","Mantenimiento del control",IF(G52="En proceso","Oportunidad de mejora","Deficiencia de control")) -> Mantenimiento del control | J52: =+IF(G52="Si",120,IF(G52="En proceso",100,80)) -> 120 | K52: 0.85123 | L52: =+J52+K52 -> 120.85123
A53: =7&E53 -> 7g | E53: g | F53: Seguimiento a los planes de mejoramiento suscritos con instancias de control internas o externas | G53: Si | H53: Se realiza seguimiento de manera periódica y son reportados en sia misional de manera semestral. | I53: =+IF(G53="Si","Mantenimiento del control",IF(G53="En proceso","Oportunidad de mejora","Deficiencia de control")) -> Mantenimiento del control | J53: =+IF(G53="Si",120,IF(G53="En proceso",100,80)) -> 120 | K53: 0.851234 | L53: =+J53+K53 -> 120.85123
A54: =8&E54 -> 8h | B54: 8 | C54: ACTIVIDADES DE MONITOREO | D54: ¿La entidad ha solicitado hacer parte del Comité Municipal de Auditoría, a efectos de contar con un escenario para compartir buenas prácticas en materia de control interno, así como analizar la viabilidad de contar como mínimo con un proceso auditor en la vigencia? | E54: h | F54: La entidad participa en el Comité Municipal de Auditoría? | G54: Si | H54: A través del decreto 0095 del 29 de junio del 2022 se creó y reglamentó el comité municipal de auditoria del cual hace parte la oficina de control interno del IMEBU. | I54: =+IF(G54="Si","Mantenimiento del control",IF(G54="En proceso","Oportunidad de mejora","Deficiencia de control")) -> Mantenimiento del control | J54: =+IF(G54="Si",120,IF(G54="En proceso",100,80)) -> 120 | K54: 0.8512345 | L54: =+J54+K54 -> 120.85123
A55: =9&E55 -> 9a | B55: 9 | C55: ACTIVIDADES DE MONITOREO | D55: El jefe de control interno o quien haga sus veces, ha podido evidenciar si en la entidad el manejo que se ha hecho a los problemas que afectan el cumplimiento de sus metas y objetivos (riesgos) le ha permitido: | E55: a | F55: Evitar que los problemas (riesgos) obstaculicen el cumplimiento de los objetivos. | G55: Si | H55: Las acciones planteadas en el mapa de riesgo de la entidad y sus respectivos seguimientos evitan que la entidad incurra en problemas que obstaculicen el cumplimiento de los objetivos institucionales. | I55: =+IF(G55="Si","Mantenimiento del control",IF(G55="En proceso","Oportunidad de mejora","Deficiencia de control")) -> Mantenimiento del control | J55: =+IF(G55="Si",120,IF(G55="En proceso",100,80)) -> 120 | K55: 0.85123456 | L55: =+J55+K55 -> 120.85123
A56: =9&E56 -> 9b | E56: b | F56: Controlar los puntos críticos en los procesos. | G56: Si | H56: De acuerdo a la identificacion de riesgos en los procesos se programan las auditorias internas para el control de puntos criticos en los procesos y a traves de cada uno de los seguimientos se levantan recomendaciones necesarias para la toma de deciciones por la alta direccion. | I56: =+IF(G56="Si","Mantenimiento del control",IF(G56="En proceso","Oportunidad de mejora","Deficiencia de control")) -> Mantenimiento del control | J56: =+IF(G56="Si",120,IF(G56="En proceso",100,80)) -> 120 | K56: 0.85123457 | L56: =+J56+K56 -> 120.85123
A57: =9&E57 -> 9c | E57: c | F57: Diseñar acciones adecuadas para controlar los problemas que afectan el cumplimiento de las metas y objetivos institucionales (riesgos). | G57: Si | H57: Las incluidas en el mapa de riesgos de la entidad y el desarrollo del plan de trabajo de la oficina de control interno | I57: =+IF(G57="Si","Mantenimiento del control",IF(G57="En proceso","Oportunidad de mejora","Deficiencia de control")) -> Mantenimiento del control | J57: =+IF(G57="Si",120,IF(G57="En proceso",100,80)) -> 120 | K57: 0.85123457 | L57: =+J57+K57 -> 120.85123
A58: =9&E58 -> 9d | E58: d | F58: Ejecutar las acciones de acuerdo a como se diseñaron previamente. | G58: Si | H58: Se realiza seguimiento al desarrollo del plan de trabajo de la oficina de control interno a través del comité institucional CICI | I58: =+IF(G58="Si","Mantenimiento del control",IF(G58="En proceso","Oportunidad de mejora","Deficiencia de control")) -> Mantenimiento del control | J58: =+IF(G58="Si",120,IF(G58="En proceso",100,80)) -> 120 | K58: 0.85123457 | L58: =+J58+K58 -> 120.85123
A59: =9&E59 -> 9e | E59: e | F59: No se gestionan los problemas que afectan el cumplimiento de las funciones y objetivos institucionales(riesgos). | G59: Si | H59: A través del comité institucional de control interno y en la presentación del avance del plan de trabajo se pretende identificar los problemas relevantes de la institución e impartir las directrices en camino del cumplimiento de los objetivos | I59: =+IF(G59="Si","Mantenimiento del control",IF(G59="En proceso","Oportunidad de mejora","Deficiencia de control")) -> Mantenimiento del control | J59: =+IF(G59="Si",120,IF(G59="En proceso",100,80)) -> 120 | K59: 0.85123457 | L59: =+J59+K59 -> 120.85123

Sheet Análisis Resultados
C7: ANÁLISIS DE RESULTADOS PARA LA TOMA DE DECISIONES
C9: Clasificación | E9: Observaciones del Control
C10: Mantenimiento del Control | E10: Existe requerimiento pero se requiere actividades dirigidas a su mantenimiento dentro del marco de las lineas de defensa. | H10: 1
C11: Oportunidad de Mejora | E11: Se encuentra en proceso, pero requiere continuar con acciones dirigidas a contar con dicho aspecto de control. | G11: Se encuentra presente y funcionando, pero requiere mejoras frente a su diseño, ya que opera de manera efectiva | H11: 0.75
C12: Deficiencia del Control | E12: No se encuentra el aspecto por lo tanto la entidad debera generar acciones dirigidas a que se cumpla con el requerimiento. | H12: 0.25
C17: RESULTADOS | D17: FUENTE DEL ANALISIS | F17: Seguimiento al control | G17: OBSERVACIONES DEL CONTROL | I17: NIVEL DE CUMPLIMIENTO-ASPECTOS PARTICULARES POR COMPONENTE | J17: NIVEL DE CUMPLIMIENTO COMPONENTE
D18: componente | E18: Requerimiento asociado al componente
C19: 1 | D19: AMBIENTE DE CONTROL | E19: =+IFERROR(INDEX(Hoja1!$E$2:$E$45,MATCH('Análisis Resultados'!C19,Hoja1!$H$2:$H$45,0)),"") -> Una estructura organizacional formalizada (organigrama) | F19: =+IFERROR(VLOOKUP(C19,Hoja1!$H$2:$I$45,2,0),"") -> En proceso | G19: =+IF(F19="Si","Existe requerimiento pero se requiere actividades dirigidas a su mantenimiento dentro del marco de las lineas de defensa.",IF(F19="En proceso","Se encuentra en proceso, pero requiere continuar con acciones dirigidas a contar con dicho aspecto de control.","No se encuentra el aspecto por lo tanto la entidad debera generar acciones dirigidas a que se cumpla con el requerimiento.")) -> Se encuentra en proceso, pero requiere continuar con acciones dirigidas a contar con dicho aspecto de control. | I19: =+IF(F19="Si",1,IF(F19="En proceso",0.5,0)) -> 0.5 | J19: =+AVERAGE(I19:I30) -> 0.875
C20: 2 | E20: =+IFERROR(INDEX(Hoja1!$E$2:$E$45,MATCH('Análisis Resultados'!C20,Hoja1!$H$2:$H$45,0)),"") -> Procesos de desvinculación de servidores de acuerdo con lo previsto en la Constitución Política y las leyes | F20: =+IFERROR(VLOOKUP(C20,Hoja1!$H$2:$I$45,2,0),"") -> En proceso | G20: =+IF(F20="Si","Existe requerimiento pero se requiere actividades dirigidas a su mantenimiento dentro del marco de las lineas de defensa.",IF(F20="En proceso","Se encuentra en proceso, pero requiere continuar con acciones dirigidas a contar con dicho aspecto de control.","No se encuentra el aspecto por lo tanto la entidad debera generar acciones dirigidas a que se cumpla con el requerimiento.")) -> Se encuentra en proceso, pero requiere continuar con acciones dirigidas a contar con dicho aspecto de control. | I20: =+IF(F20="Si",1,IF(F20="En proceso",0.5,0)) -> 0.5
C21: 3 | E21: =+IFERROR(INDEX(Hoja1!$E$2:$E$45,MATCH('Análisis Resultados'!C21,Hoja1!$H$2:$H$45,0)),"") -> Mecanismos de rendición de cuentas a la ciudadanía | F21: =+IFERROR(VLOOKUP(C21,Hoja1!$H$2:$I$45,2,0),"") -> En proceso | G21: =+IF(F21="Si","Existe requerimiento pero se requiere actividades dirigidas a su mantenimiento dentro del marco de las lineas de defensa.",IF(F21="En proceso","Se encuentra en proceso, pero requiere continuar con acciones dirigidas a contar con dicho aspecto de control.","No se encuentra el aspecto por lo tanto la entidad debera generar acciones dirigidas a que se cumpla con el requerimiento.")) -> Se encuentra en proceso, pero requiere continuar con acciones dirigidas a contar con dicho aspecto de control. | I21: =+IF(F21="Si",1,IF(F21="En proceso",0.5,0)) -> 0.5
C22: 4 | E22: =+IFERROR(INDEX(Hoja1!$E$2:$E$45,MATCH('Análisis Resultados'!C22,Hoja1!$H$2:$H$45,0)),"") -> Documento interno o adopción del MECI actualizado | F22: =+IFERROR(VLOOKUP(C22,Hoja1!$H$2:$I$45,2,0),"") -> Si | G22: =+IF(F22="Si","Existe requerimiento pero se requiere actividades dirigidas a su mantenimiento dentro del marco de las lineas de defensa.",IF(F22="En proceso","Se encuentra en proceso, pero requiere continuar con acciones dirigidas a contar con dicho aspecto de control.","No se encuentra el aspecto por lo tanto la entidad debera generar acciones dirigidas a que se cumpla con el requerimiento.")) -> Existe requerimiento pero se requiere actividades dirigidas a su mantenimiento dentro del marco de las lineas de defensa. | I22: =+IF(F22="Si",1,IF(F22="En proceso",0.5,0)) -> 1
C23: 5 | E23: =+IFERROR(INDEX(Hoja1!$E$2:$E$45,MATCH('Análisis Resultados'!C23,Hoja1!$H$2:$H$45,0)),"") -> Un documento tal como un código de ética, integridad u otro que formalice los estándares de conducta, los principios institucionales o los valores del servicio público | F23: =+IFERROR(VLOOKUP(C23,Hoja1!$H$2:$I$45,2,0),"") -> Si | G23: =+IF(F23="Si","Existe requerimiento pero se requiere actividades dirigidas a su mantenimiento dentro del marco de las lineas de defensa.",IF(F23="En proceso","Se encuentra en proceso, pero requiere continuar con acciones dirigidas a contar con dicho aspecto de control.","No se encuentra el aspecto por lo tanto la entidad debera generar acciones dirigidas a que se cumpla con el requerimiento.")) -> Existe requerimiento pero se requiere actividades dirigidas a su mantenimiento dentro del marco de las lineas de defensa. | I23: =+IF(F23="Si",1,IF(F23="En proceso",0.5,0)) -> 1
C24: 6 | E24: =+IFERROR(INDEX(Hoja1!$E$2:$E$45,MATCH('Análisis Resultados'!C24,Hoja1!$H$2:$H$45,0)),"") -> Planes, programas y proyectos de acuerdo con las normas que rigen y atendiendo con su propósito fundamental institucional (misión) | F24: =+IFERROR(VLOOKUP(C24,Hoja1!$H$2:$I$45,2,0),"") -> Si | G24: =+IF(F24="Si","Existe requerimiento pero se requiere actividades dirigidas a su mantenimiento dentro del marco de las lineas de defensa.",IF(F24="En proceso","Se encuentra en proceso, pero requiere continuar con acciones dirigidas a contar con dicho aspecto de control.","No se encuentra el aspecto por lo tanto la entidad debera generar acciones dirigidas a que se cumpla con el requerimiento.")) -> Existe requerimiento pero se requiere actividades dirigidas a su mantenimiento dentro del marco de las lineas de defensa. | I24: =+IF(F24="Si",1,IF(F24="En proceso",0.5,0)) -> 1
C25: 7 | E25: =+IFERROR(INDEX(Hoja1!$E$2:$E$45,MATCH('Análisis Resultados'!C25,Hoja1!$H$2:$H$45,0)),"") -> Un manual de funciones que describa los empleos de la entidad | F25: =+IFERROR(VLOOKUP(C25,Hoja1!$H$2:$I$45,2,0),"") -> Si | G25: =+IF(F25="Si","Existe requerimiento pero se requiere actividades dirigidas a su mantenimiento dentro del marco de las lineas de defensa.",IF(F25="En proceso","Se encuentra en proceso, pero requiere continuar con acciones dirigidas a contar con dicho aspecto de control.","No se encuentra el aspecto por lo tanto la entidad debera generar acciones dirigidas a que se cumpla con el requerimiento.")) -> Existe requerimiento pero se requiere actividades dirigidas a su mantenimiento dentro del marco de las lineas de defensa. | I25: =+IF(F25="Si",1,IF(F25="En proceso",0.5,0)) -> 1
C26: 8 | E26: =+IFERROR(INDEX(Hoja1!$E$2:$E$45,MATCH('Análisis Resultados'!C26,Hoja1!$H$2:$H$45,0)),"") -> La documentación de sus procesos y procedimientos o bien una lista de actividades principales que permitan conocer el estado de su gestión | F26: =+IFERROR(VLOOKUP(C26,Hoja1!$H$2:$I$45,2,0),"") -> Si | G26: =+IF(F26="Si","Existe requerimiento pero se requiere actividades dirigidas a su mantenimiento dentro del marco de las lineas de defensa.",IF(F26="En proceso","Se encuentra en proceso, pero requiere continuar con acciones dirigidas a contar con dicho aspecto de control.","No se encuentra el aspecto por lo tanto la entidad debera generar acciones dirigidas a que se cumpla con el requerimiento.")) -> Existe requerimiento pero se requiere actividades dirigidas a su mantenimiento dentro del marco de las lineas de defensa. | I26: =+IF(F26="Si",1,IF(F26="En proceso",0.5,0)) -> 1
C27: 9 | E27: =+IFERROR(INDEX(Hoja1!$E$2:$E$45,MATCH('Análisis Resultados'!C27,Hoja1!$H$2:$H$45,0)),"") -> Vinculación de los servidores públicos de acuerdo con el marco normativo que les rige (carrera administrativa, libre nombramiento y remoción, entre otros) | F27: =+IFERROR(VLOOKUP(C27,Hoja1!$H$2:$I$45,2,0),"") -> Si | G27: =+IF(F27="Si","Existe requerimiento pero se requiere actividades dirigidas a su mantenimiento dentro del marco de las lineas de defensa.",IF(F27="En proceso","Se encuentra en proceso, pero requiere continuar con acciones dirigidas a contar con dicho aspecto de control.","No se encuentra el aspecto por lo tanto la entidad debera generar acciones dirigidas a que se cumpla con el requerimiento.")) -> Existe requerimiento pero se requiere actividades dirigidas a su mantenimiento dentro del marco de las lineas de defensa. | I27: =+IF(F27="Si",1,IF(F27="En proceso",0.5,0)) -> 1
C28: 10 | E28: =+IFERROR(INDEX(Hoja1!$E$2:$E$45,MATCH('Análisis Resultados'!C28,Hoja1!$H$2:$H$45,0)),"") -> Procesos de inducción, capacitación y bienestar social para sus servidores públicos, de manera directa o en asociación con otras entidades municipales | F28: =+IFERROR(VLOOKUP(C28,Hoja1!$H$2:$I$45,2,0),"") -> Si | G28: =+IF(F28="Si","Existe requerimiento pero se requiere actividades dirigidas a su mantenimiento dentro del marco de las lineas de defensa.",IF(F28="En proceso","Se encuentra en proceso, pero requiere continuar con acciones dirigidas a contar con dicho aspecto de control.","No se encuentra el aspecto por lo tanto la entidad debera generar acciones dirigidas a que se cumpla con el requerimiento.")) -> Existe requerimiento pero se requiere actividades dirigidas a su mantenimiento dentro del marco de las lineas de defensa. | I28: =+IF(F28="Si",1,IF(F28="En proceso",0.5,0)) -> 1
C29: 11 | E29: =+IFERROR(INDEX(Hoja1!$E$2:$E$45,MATCH('Análisis Resultados'!C29,Hoja1!$H$2:$H$45,0)),"") -> Evaluación a los servidores públicos de acuerdo con el marco normativo que le rige | F29: =+IFERROR(VLOOKUP(C29,Hoja1!$H$2:$I$45,2,0),"") -> Si | G29: =+IF(F29="Si","Existe requerimiento pero se requiere actividades dirigidas a su mantenimiento dentro del marco de las lineas de defensa.",IF(F29="En proceso","Se encuentra en proceso, pero requiere continuar con acciones dirigidas a contar con dicho aspecto de control.","No se encuentra el aspecto por lo tanto la entidad debera generar acciones dirigidas a que se cumpla con el requerimiento.")) -> Existe requerimiento pero se requiere actividades dirigidas a su mantenimiento dentro del marco de las lineas de defensa. | I29: =+IF(F29="Si",1,IF(F29="En proceso",0.5,0)) -> 1
C30: 12 | E30: =+IFERROR(INDEX(Hoja1!$E$2:$E$45,MATCH('Análisis Resultados'!C30,Hoja1!$H$2:$H$45,0)),"") -> Presentación oportuna de sus informes de gestión a las autoridades competentes | F30: =+IFERROR(VLOOKUP(C30,Hoja1!$H$2:$I$45,2,0),"") -> Si | G30: =+IF(F30="Si","Existe requerimiento pero se requiere actividades dirigidas a su mantenimiento dentro del marco de las lineas de defensa.",IF(F30="En proceso","Se encuentra en proceso, pero requiere continuar con acciones dirigidas a contar con dicho aspecto de control.","No se encuentra el aspecto por lo tanto la entidad debera generar acciones dirigidas a que se cumpla con el requerimiento.")) -> Existe requerimiento pero se requiere actividades dirigidas a su mantenimiento dentro del marco de las lineas de defensa. | I30: =+IF(F30="Si",1,IF(F30="En proceso",0.5,0)) -> 1
C31: 13 | D31: EVALUACION DEL RIESGO | E31: =+IFERROR(INDEX(Hoja1!$E$2:$E$45,MATCH('Análisis Resultados'!C31,Hoja1!$H$2:$H$45,0)),"") -> La identificación de aquellos problemas o aspectos que pueden afectar el cumplimiento de los planes de la entidad y en general su gestión institucional (riesgos) | F31: =+IFERROR(VLOOKUP(C31,Hoja1!$H$2:$I$45,2,0),"") -> En proceso | G31: =+IF(F31="Si","Existe requerimiento pero se requiere actividades dirigidas a su mantenimiento dentro del marco de las lineas de defensa.",IF(F31="En proceso","Se encuentra en proceso, pero requiere continuar con acciones dirigidas a contar con dicho aspecto de control.","No se encuentra el aspecto por lo tanto la entidad debera generar acciones dirigidas a que se cumpla con el requerimiento.")) -> Se encuentra en proceso, pero requiere continuar con acciones dirigidas a contar con dicho aspecto de control. | I31: =+IF(F31="Si",1,IF(F31="En proceso",0.5,0)) -> 0.5 | J31: =+AVERAGE(I31:I40) -> 0.8
C32: 14 | E32: =+IFERROR(INDEX(Hoja1!$E$2:$E$45,MATCH('Análisis Resultados'!C32,Hoja1!$H$2:$H$45,0)),"") -> Informan de manera periódica a quien corresponda sobre el desempeño de las actividades de gestión de riesgos | F32: =+IFERROR(VLOOKUP(C32,Hoja1!$H$2:$I$45,2,0),"") -> En proceso | G32: =+IF(F32="Si","Existe requerimiento pero se requiere actividades dirigidas a su mantenimiento dentro del marco de las lineas de defensa.",IF(F32="En proceso","Se encuentra en proceso, pero requiere continuar con acciones dirigidas a contar con dicho aspecto de control.","No se encuentra el aspecto por lo tanto la entidad debera generar acciones dirigidas a que se cumpla con el requerimiento.")) -> Se encuentra en proceso, pero requiere continuar con acciones dirigidas a contar con dicho aspecto de control. | I32: =+IF(F32="Si",1,IF(F32="En proceso",0.5,0)) -> 0.5
C33: 15 | E33: =+IFERROR(INDEX(Hoja1!$E$2:$E$45,MATCH('Análisis Resultados'!C33,Hoja1!$H$2:$H$45,0)),"") -> Identifican deficiencias en las maneras de controlar los riesgos o problemas en sus procesos, programas o proyectos, y propone los ajustes necesarios | F33: =+IFERROR(VLOOKUP(C33,Hoja1!$H$2:$I$45,2,0),"") -> En proceso | G33: =+IF(F33="Si","Existe requerimiento pero se requiere actividades dirigidas a su mantenimiento dentro del marco de las lineas de defensa.",IF(F33="En proceso","Se encuentra en proceso, pero requiere continuar con acciones dirigidas a contar con dicho aspecto de control.","No se encuentra el aspecto por lo tanto la entidad debera generar acciones dirigidas a que se cumpla con el requerimiento.")) -> Se encuentra en proceso, pero requiere continuar con acciones dirigidas a contar con dicho aspecto de control. | I33: =+IF(F33="Si",1,IF(F33="En proceso",0.5,0)) -> 0.5
C34: 16 | E34: =+IFERROR(INDEX(Hoja1!$E$2:$E$45,MATCH('Análisis Resultados'!C34,Hoja1!$H$2:$H$45,0)),"") -> Cada líder del equipo autónomamente toma las acciones para solucionarlos. | F34: =+IFERROR(VLOOKUP(C34,Hoja1!$H$2:$I$45,2,0),"") -> En proceso | G34: =+IF(F34="Si","Existe requerimiento pero se requiere actividades dirigidas a su mantenimiento dentro del marco de las lineas de defensa.",IF(F34="En proceso","Se encuentra en proceso, pero requiere continuar con acciones dirigidas a contar con dicho aspecto de control.","No se encuentra el aspecto por lo tanto la entidad debera generar acciones dirigidas a que se cumpla con el requerimiento.")) -> Se encuentra en proceso, pero requiere continuar con acciones dirigidas a contar con dicho aspecto de control. | I34: =+IF(F34="Si",1,IF(F34="En proceso",0.5,0)) -> 0.5
C35: 17 | E35: =+IFERROR(INDEX(Hoja1!$E$2:$E$45,MATCH('Análisis Resultados'!C35,Hoja1!$H$2:$H$45,0)),"") -> La identificación de cambios en su entorno que pueden generar consecuencias negativas en su gestión | F35: =+IFERROR(VLOOKUP(C35,Hoja1!$H$2:$I$45,2,0),"") -> Si | G35: =+IF(F35="Si","Existe requerimiento pero se requiere actividades dirigidas a su mantenimiento dentro del marco de las lineas de defensa.",IF(F35="En proceso","Se encuentra en proceso, pero requiere continuar con acciones dirigidas a contar con dicho aspecto de control.","No se encuentra el aspecto por lo tanto la entidad debera generar acciones dirigidas a que se cumpla con el requerimiento.")) -> Existe requerimiento pero se requiere actividades dirigidas a su mantenimiento dentro del marco de las lineas de defensa. | I35: =+IF(F35="Si",1,IF(F35="En proceso",0.5,0)) -> 1
C36: 18 | E36: =+IFERROR(INDEX(Hoja1!$E$2:$E$45,MATCH('Análisis Resultados'!C36,Hoja1!$H$2:$H$45,0)),"") -> La identificación de los riesgos relacionados con posibles actos de corrupción en el ejercicio de sus funciones | F36: =+IFERROR(VLOOKUP(C36,Hoja1!$H$2:$I$45,2,0),"") -> Si | G36: =+IF(F36="Si","Existe requerimiento pero se requiere actividades dirigidas a su mantenimiento dentro del marco de las lineas de defensa.",IF(F36="En proceso","Se encuentra en proceso, pero requiere continuar con acciones dirigidas a contar con dicho aspecto de control.","No se encuentra el aspecto por lo tanto la entidad debera generar acciones dirigidas a que se cumpla con el requerimiento.")) -> Existe requerimiento pero se requiere actividades dirigidas a su mantenimiento dentro del marco de las lineas de defensa. | I36: =+IF(F36="Si",1,IF(F36="En proceso",0.5,0)) -> 1
C37: 19 | E37: =+IFERROR(INDEX(Hoja1!$E$2:$E$45,MATCH('Análisis Resultados'!C37,Hoja1!$H$2:$H$45,0)),"") -> Si su capacidad e infraestructura lo permite, identificación de riesgos asociados a las tecnologías de la información y las comunicaciones | F37: =+IFERROR(VLOOKUP(C37,Hoja1!$H$2:$I$45,2,0),"") -> Si | G37: =+IF(F37="Si","Existe requerimiento pero se requiere actividades dirigidas a su mantenimiento dentro del marco de las lineas de defensa.",IF(F37="En proceso","Se encuentra en proceso, pero requiere continuar con acciones dirigidas a contar con dicho aspecto de control.","No se encuentra el aspecto por lo tanto la entidad debera generar acciones dirigidas a que se cumpla con el requerimiento.")) -> Existe requerimiento pero se requiere actividades dirigidas a su mantenimiento dentro del marco de las lineas de defensa. | I37: =+IF(F37="Si",1,IF(F37="En proceso",0.5,0)) -> 1
C38: 20 | E38: =+IFERROR(INDEX(Hoja1!$E$2:$E$45,MATCH('Análisis Resultados'!C38,Hoja1!$H$2:$H$45,0)),"") -> Hacen seguimiento a los problemas (riesgos) que pueden afectar el cumplimiento de sus procesos, programas o proyectos a cargo | F38: =+IFERROR(VLOOKUP(C38,Hoja1!$H$2:$I$45,2,0),"") -> Si | G38: =+IF(F38="Si","Existe requerimiento pero se requiere actividades dirigidas a su mantenimiento dentro del marco de las lineas de defensa.",IF(F38="En proceso","Se encuentra en proceso, pero requiere continuar con acciones dirigidas a contar con dicho aspecto de control.","No se encuentra el aspecto por lo tanto la entidad debera generar acciones dirigidas a que se cumpla con el requerimiento.")) -> Existe requerimiento pero se requiere actividades dirigidas a su mantenimiento dentro del marco de las lineas de defensa. | I38: =+IF(F38="Si",1,IF(F38="En proceso",0.5,0)) -> 1
C39: 21 | E39: =+IFERROR(INDEX(Hoja1!$E$2:$E$45,MATCH('Análisis Resultados'!C39,Hoja1!$H$2:$H$45,0)),"") -> Se definen espacios de reunión para conocerlos y proponer acciones para su solución | F39: =+IFERROR(VLOOKUP(C39,Hoja1!$H$2:$I$45,2,0),"") -> Si | G39: =+IF(F39="Si","Existe requerimiento pero se requiere actividades dirigidas a su mantenimiento dentro del marco de las lineas de defensa.",IF(F39="En proceso","Se encuentra en proceso, pero requiere continuar con acciones dirigidas a contar con dicho aspecto de control.","No se encuentra el aspecto por lo tanto la entidad debera generar acciones dirigidas a que se cumpla con el requerimiento.")) -> Existe requerimiento pero se requiere actividades dirigidas a su mantenimiento dentro del marco de las lineas de defensa. | I39: =+IF(F39="Si",1,IF(F39="En proceso",0.5,0)) -> 1
C40: 22 | E40: =+IFERROR(INDEX(Hoja1!$E$2:$E$45,MATCH('Análisis Resultados'!C40,Hoja1!$H$2:$H$45,0)),"") -> Solamente hasta que un organismo de control actúa se definen acciones de mejora. | F40: =+IFERROR(VLOOKUP(C40,Hoja1!$H$2:$I$45,2,0),"") -> Si | G40: =+IF(F40="Si","Existe requerimiento pero se requiere actividades dirigidas a su mantenimiento dentro del marco de las lineas de defensa.",IF(F40="En proceso","Se encuentra en proceso, pero requiere continuar con acciones dirigidas a contar con dicho aspecto de control.","No se encuentra el aspecto por lo tanto la entidad debera generar acciones dirigidas a que se cumpla con el requerimiento.")) -> Existe requerimiento pero se requiere actividades dirigidas a su mantenimiento dentro del marco de las lineas de defensa. | I40: =+IF(F40="Si",1,IF(F40="En proceso",0.5,0)) -> 1
C41: 23 | D41: ACTIVIDADES DE CONTROL | E41: =+IFERROR(INDEX(Hoja1!$E$2:$E$45,MATCH('Análisis Resultados'!C41,Hoja1!$H$2:$H$45,0)),"") -> La definición de acciones o actividades para para dar tratamiento a los problemas identificados (mitigación de riesgos), incluyendo aquellos asociados a posibles actos de corrupción | F41: =+IFERROR(VLOOKUP(C41,Hoja1!$H$2:$I$45,2,0),"") -> Si | G41: =+IF(F41="Si","Existe requerimiento pero se requiere actividades dirigidas a su mantenimiento dentro del marco de las lineas de defensa.",IF(F41="En proceso","Se encuentra en proceso, pero requiere continuar con acciones dirigidas a contar con dicho aspecto de control.","No se encuentra el aspecto por lo tanto la entidad debera generar acciones dirigidas a que se cumpla con el requerimiento.")) -> Existe requerimiento pero se requiere actividades dirigidas a su mantenimiento dentro del marco de las lineas de defensa. | I41: =+IF(F41="Si",1,IF(F41="En proceso",0.5,0)) -> 1 | J41: =+AVERAGE(I41:I45) -> 1
C42: 24 | E42: =+IFERROR(INDEX(Hoja1!$E$2:$E$45,MATCH('Análisis Resultados'!C42,Hoja1!$H$2:$H$45,0)),"") -> Mecanismos de verificación de si se están o no mitigando los riesgos, o en su defecto, elaboración de planes de contingencia para subsanar sus consecuencias | F42: =+IFERROR(VLOOKUP(C42,Hoja1!$H$2:$I$45,2,0),"") -> Si | G42: =+IF(F42="Si","Existe requerimiento pero se requiere actividades dirigidas a su mantenimiento dentro del marco de las lineas de defensa.",IF(F42="En proceso","Se encuentra en proceso, pero requiere continuar con acciones dirigidas a contar con dicho aspecto de control.","No se encuentra el aspecto por lo tanto la entidad debera generar acciones dirigidas a que se cumpla con el requerimiento.")) -> Existe requerimiento pero se requiere actividades dirigidas a su mantenimiento dentro del marco de las lineas de defensa. | I42: =+IF(F42="Si",1,IF(F42="En proceso",0.5,0)) -> 1
C43: 25 | E43: =+IFERROR(INDEX(Hoja1!$E$2:$E$45,MATCH('Análisis Resultados'!C43,Hoja1!$H$2:$H$45,0)),"") -> Planes, acciones o estrategias que permitan subsanar las consecuencias de la materialización de los riesgos, cuando se presentan | F43: =+IFERROR(VLOOKUP(C43,Hoja1!$H$2:$I$45,2,0),"") -> Si | G43: =+IF(F43="Si","Existe requerimiento pero se requiere actividades dirigidas a su mantenimiento dentro del marco de las lineas de defensa.",IF(F43="En proceso","Se encuentra en proceso, pero requiere continuar con acciones dirigidas a contar con dicho aspecto de control.","No se encuentra el aspecto por lo tanto la entidad debera generar acciones dirigidas a que se cumpla con el requerimiento.")) -> Existe requerimiento pero se requiere actividades dirigidas a su mantenimiento dentro del marco de las lineas de defensa. | I43: =+IF(F43="Si",1,IF(F43="En proceso",0.5,0)) -> 1
C44: 26 | E44: =+IFERROR(INDEX(Hoja1!$E$2:$E$45,MATCH('Análisis Resultados'!C44,Hoja1!$H$2:$H$45,0)),"") -> Un documento que consolide los riesgos y el tratamiento que se les da, incluyendo aquellos que conllevan posibles actos de corrupción y si la capacidad e infraestructura lo permite, los asociados con las tecnologías de la información y las comunicaciones | F44: =+IFERROR(VLOOKUP(C44,Hoja1!$H$2:$I$45,2,0),"") -> Si | G44: =+IF(F44="Si","Existe requerimiento pero se requiere actividades dirigidas a su mantenimiento dentro del marco de las lineas de defensa.",IF(F44="En proceso","Se encuentra en proceso, pero requiere continuar con acciones dirigidas a contar con dicho aspecto de control.","No se encuentra el aspecto por lo tanto la entidad debera generar acciones dirigidas a que se cumpla con el requerimiento.")) -> Existe requerimiento pero se requiere actividades dirigidas a su mantenimiento dentro del marco de las lineas de defensa. | I44: =+IF(F44="Si",1,IF(F44="En proceso",0.5,0)) -> 1
C45: 27 | E45: =+IFERROR(INDEX(Hoja1!$E$2:$E$45,MATCH('Análisis Resultados'!C45,Hoja1!$H$2:$H$45,0)),"") -> Un plan anticorrupción y de servicio al ciudadano con los temas que le aplican, publicado en algún medio para conocimiento de la ciudadanía | F45: =+IFERROR(VLOOKUP(C45,Hoja1!$H$2:$I$45,2,0),"") -> Si | G45: =+IF(F45="Si","Existe requerimiento pero se requiere actividades dirigidas a su mantenimiento dentro del marco de las lineas de defensa.",IF(F45="En proceso","Se encuentra en proceso, pero requiere continuar con acciones dirigidas a contar con dicho aspecto de control.","No se encuentra el aspecto por lo tanto la entidad debera generar acciones dirigidas a que se cumpla con el requerimiento.")) -> Existe requerimiento pero se requiere actividades dirigidas a su mantenimiento dentro del marco de las lineas de defensa. | I45: =+IF(F45="Si",1,IF(F45="En proceso",0.5,0)) -> 1
C46: 28 | D46: INFORMACION Y COMUNICACIÓN | E46: =+IFERROR(INDEX(Hoja1!$E$2:$E$45,MATCH('Análisis Resultados'!C46,Hoja1!$H$2:$H$45,0)),"") -> Identificación de información necesaria para la operación de la entidad (normograma, presupuesto, talento humano, infraestructura física y tecnológica) | F46: =+IFERROR(VLOOKUP(C46,Hoja1!$H$2:$I$45,2,0),"") -> En proceso | G46: =+IF(F46="Si","Existe requerimiento pero se requiere actividades dirigidas a su mantenimiento dentro del marco de las lineas de defensa.",IF(F46="En proceso","Se encuentra en proceso, pero requiere continuar con acciones dirigidas a contar con dicho aspecto de control.","No se encuentra el aspecto por lo tanto la entidad debera generar acciones dirigidas a que se cumpla con el requerimiento.")) -> Se encuentra en proceso, pero requiere continuar con acciones dirigidas a contar con dicho aspecto de control. | I46: =+IF(F46="Si",1,IF(F46="En proceso",0.5,0)) -> 0.5 | J46: =+AVERAGE(I46:I52) -> 0.92857143
C47: 29 | E47: =+IFERROR(INDEX(Hoja1!$E$2:$E$45,MATCH('Análisis Resultados'!C47,Hoja1!$H$2:$H$45,0)),"") -> Responsables de la información institucional | F47: =+IFERROR(VLOOKUP(C47,Hoja1!$H$2:$I$45,2,0),"") -> Si | G47: =+IF(F47="Si","Existe requerimiento pero se requiere actividades dirigidas a su mantenimiento dentro del marco de las lineas de defensa.",IF(F47="En proceso","Se encuentra en proceso, pero requiere continuar con acciones dirigidas a contar con dicho aspecto de control.","No se encuentra el aspecto por lo tanto la entidad debera generar acciones dirigidas a que se cumpla con el requerimiento.")) -> Existe requerimiento pero se requiere actividades dirigidas a su mantenimiento dentro del marco de las lineas de defensa. | I47: =+IF(F47="Si",1,IF(F47="En proceso",0.5,0)) -> 1
C48: 30 | E48: =+IFERROR(INDEX(Hoja1!$E$2:$E$45,MATCH('Análisis Resultados'!C48,Hoja1!$H$2:$H$45,0)),"") -> Canales de comunicación con los ciudadanos | F48: =+IFERROR(VLOOKUP(C48,Hoja1!$H$2:$I$45,2,0),"") -> Si | G48: =+IF(F48="Si","Existe requerimiento pero se requiere actividades dirigidas a su mantenimiento dentro del marco de las lineas de defensa.",IF(F48="En proceso","Se encuentra en proceso, pero requiere continuar con acciones dirigidas a contar con dicho aspecto de control.","No se encuentra el aspecto por lo tanto la entidad debera generar acciones dirigidas a que se cumpla con el requerimiento.")) -> Existe requerimiento pero se requiere actividades dirigidas a su mantenimiento dentro del marco de las lineas de defensa. | I48: =+IF(F48="Si",1,IF(F48="En proceso",0.5,0)) -> 1
C49: 31 | E49: =+IFERROR(INDEX(Hoja1!$E$2:$E$45,MATCH('Análisis Resultados'!C49,Hoja1!$H$2:$H$45,0)),"") -> Canales de comunicación o mecanismos de reporte de información a otros organismos gubernamentales o de control | F49: =+IFERROR(VLOOKUP(C49,Hoja1!$H$2:$I$45,2,0),"") -> Si | G49: =+IF(F49="Si","Existe requerimiento pero se requiere actividades dirigidas a su mantenimiento dentro del marco de las lineas de defensa.",IF(F49="En proceso","Se encuentra en proceso, pero requiere continuar con acciones dirigidas a contar con dicho aspecto de control.","No se encuentra el aspecto por lo tanto la entidad debera generar acciones dirigidas a que se cumpla con el requerimiento.")) -> Existe requerimiento pero se requiere actividades dirigidas a su mantenimiento dentro del marco de las lineas de defensa. | I49: =+IF(F49="Si",1,IF(F49="En proceso",0.5,0)) -> 1
C50: 32 | E50: =+IFERROR(INDEX(Hoja1!$E$2:$E$45,MATCH('Análisis Resultados'!C50,Hoja1!$H$2:$H$45,0)),"") -> Lineamientos para dar tratamiento a la información de carácter reservado | F50: =+IFERROR(VLOOKUP(C50,Hoja1!$H$2:$I$45,2,0),"") -> Si | G50: =+IF(F50="Si","Existe requerimiento pero se requiere actividades dirigidas a su mantenimiento dentro del marco de las lineas de defensa.",IF(F50="En proceso","Se encuentra en proceso, pero requiere continuar con acciones dirigidas a contar con dicho aspecto de control.","No se encuentra el aspecto por lo tanto la entidad debera generar acciones dirigidas a que se cumpla con el requerimiento.")) -> Existe requerimiento pero se requiere actividades dirigidas a su mantenimiento dentro del marco de las lineas de defensa. | I50: =+IF(F50="Si",1,IF(F50="En proceso",0.5,0)) -> 1
C51: 33 | E51: =+IFERROR(INDEX(Hoja1!$E$2:$E$45,MATCH('Análisis Resultados'!C51,Hoja1!$H$2:$H$45,0)),"") -> Identificación de información que produce en el marco de su gestión (Para los ciudadanos, organismos de control, organismos gubernamentales, entre otros) | F51: =+IFERROR(VLOOKUP(C51,Hoja1!$H$2:$I$45,2,0),"") -> Si | G51: =+IF(F51="Si","Existe requerimiento pero se requiere actividades dirigidas a su mantenimiento dentro del marco de las lineas de defensa.",IF(F51="En proceso","Se encuentra en proceso, pero requiere continuar con acciones dirigidas a contar con dicho aspecto de control.","No se encuentra el aspecto por lo tanto la entidad debera generar acciones dirigidas a que se cumpla con el requerimiento.")) -> Existe requerimiento pero se requiere actividades dirigidas a su mantenimiento dentro del marco de las lineas de defensa. | I51: =+IF(F51="Si",1,IF(F51="En proceso",0.5,0)) -> 1
C52: 34 | E52: =+IFERROR(INDEX(Hoja1!$E$2:$E$45,MATCH('Análisis Resultados'!C52,Hoja1!$H$2:$H$45,0)),"") -> Si su capacidad e infraestructura lo permite, tecnologías de la información y las comunicaciones que soporten estos procesos | F52: =+IFERROR(VLOOKUP(C52,Hoja1!$H$2:$I$45,2,0),"") -> Si | G52: =+IF(F52="Si","Existe requerimiento pero se requiere actividades dirigidas a su mantenimiento dentro del marco de las lineas de defensa.",IF(F52="En proceso","Se encuentra en proceso, pero requiere continuar con acciones dirigidas a contar con dicho aspecto de control.","No se encuentra el aspecto por lo tanto la entidad debera generar acciones dirigidas a que se cumpla con el requerimiento.")) -> Existe requerimiento pero se requiere actividades dirigidas a su mantenimiento dentro del marco de las lineas de defensa. | I52: =+IF(F52="Si",1,IF(F52="En proceso",0.5,0)) -> 1
C53: 35 | D53: ACTIVIDADES DE MONITOREO | E53: =+IFERROR(INDEX(Hoja1!$E$2:$E$45,MATCH('Análisis Resultados'!C53,Hoja1!$H$2:$H$45,0)),"") -> Mecanismos de evaluación de la gestión (cronogramas, indicadores, listas de chequeo u otros) | F53: =+IFERROR(VLOOKUP(C53,Hoja1!$H$2:$I$45,2,0),"") -> Si | G53: =+IF(F53="Si","Existe requerimiento pero se requiere actividades dirigidas a su mantenimiento dentro del marco de las lineas de defensa.",IF(F53="En proceso","Se encuentra en proceso, pero requiere continuar con acciones dirigidas a contar con dicho aspecto de control.","No se encuentra el aspecto por lo tanto la entidad debera generar acciones dirigidas a que se cumpla con el requerimiento.")) -> Existe requerimiento pero se requiere actividades dirigidas a su mantenimiento dentro del marco de las lineas de defensa. | I53: =+IF(F53="Si",1,IF(F53="En proceso",0.5,0)) -> 1 | J53: =+AVERAGE(I53:I62) -> 1
C54: 36 | E54: =+IFERROR(INDEX(Hoja1!$E$2:$E$45,MATCH('Análisis Resultados'!C54,Hoja1!$H$2:$H$45,0)),"") -> Algún mecanismo para monitorear o supervisar el sistema de control interno institucional, ya sea por parte del representante legal, o del área de control interno (si la entidad cuenta con ella), o bien a través del Comité departamental o municipal de Auditoría. | F54: =+IFERROR(VLOOKUP(C54,Hoja1!$H$2:$I$45,2,0),"") -> Si | G54: =+IF(F54="Si","Existe requerimiento pero se requiere actividades dirigidas a su mantenimiento dentro del marco de las lineas de defensa.",IF(F54="En proceso","Se encuentra en proceso, pero requiere continuar con acciones dirigidas a contar con dicho aspecto de control.","No se encuentra el aspecto por lo tanto la entidad debera generar acciones dirigidas a que se cumpla con el requerimiento.")) -> Existe requerimiento pero se requiere actividades dirigidas a su mantenimiento dentro del marco de las lineas de defensa. | I54: =+IF(F54="Si",1,IF(F54="En proceso",0.5,0)) -> 1
C55: 37 | E55: =+IFERROR(INDEX(Hoja1!$E$2:$E$45,MATCH('Análisis Resultados'!C55,Hoja1!$H$2:$H$45,0)),"") -> Medidas correctivas en caso de detectarse deficiencias en los ejercicios de evaluación, seguimiento o auditoría | F55: =+IFERROR(VLOOKUP(C55,Hoja1!$H$2:$I$45,2,0),"") -> Si | G55: =+IF(F55="Si","Existe requerimiento pero se requiere actividades dirigidas a su mantenimiento dentro del marco de las lineas de defensa.",IF(F55="En proceso","Se encuentra en proceso, pero requiere continuar con acciones dirigidas a contar con dicho aspecto de control.","No se encuentra el aspecto por lo tanto la entidad debera generar acciones dirigidas a que se cumpla con el requerimiento.")) -> Existe requerimiento pero se requiere actividades dirigidas a su mantenimiento dentro del marco de las lineas de defensa. | I55: =+IF(F55="Si",1,IF(F55="En proceso",0.5,0)) -> 1
C56: 38 | E56: =+IFERROR(INDEX(Hoja1!$E$2:$E$45,MATCH('Análisis Resultados'!C56,Hoja1!$H$2:$H$45,0)),"") -> Seguimiento a los planes de mejoramiento suscritos con instancias de control internas o externas | F56: =+IFERROR(VLOOKUP(C56,Hoja1!$H$2:$I$45,2,0),"") -> Si | G56: =+IF(F56="Si","Existe requerimiento pero se requiere actividades dirigidas a su mantenimiento dentro del marco de las lineas de defensa.",IF(F56="En proceso","Se encuentra en proceso, pero requiere continuar con acciones dirigidas a contar con dicho aspecto de control.","No se encuentra el aspecto por lo tanto la entidad debera generar acciones dirigidas a que se cumpla con el requerimiento.")) -> Existe requerimiento pero se requiere actividades dirigidas a su mantenimiento dentro del marco de las lineas de defensa. | I56: =+IF(F56="Si",1,IF(F56="En proceso",0.5,0)) -> 1
C57: 39 | E57: =+IFERROR(INDEX(Hoja1!$E$2:$E$45,MATCH('Análisis Resultados'!C57,Hoja1!$H$2:$H$45,0)),"") -> La entidad participa en el Comité Municipal de Auditoría? | F57: =+IFERROR(VLOOKUP(C57,Hoja1!$H$2:$I$45,2,0),"") -> Si | G57: =+IF(F57="Si","Existe requerimiento pero se requiere actividades dirigidas a su mantenimiento dentro del marco de las lineas de defensa.",IF(F57="En proceso","Se encuentra en proceso, pero requiere continuar con acciones dirigidas a contar con dicho aspecto de control.","No se encuentra el aspecto por lo tanto la entidad debera generar acciones dirigidas a que se cumpla con el requerimiento.")) -> Existe requerimiento pero se requiere actividades dirigidas a su mantenimiento dentro del marco de las lineas de defensa. | I57: =+IF(F57="Si",1,IF(F57="En proceso",0.5,0)) -> 1
C58: 40 | E58: =+IFERROR(INDEX(Hoja1!$E$2:$E$45,MATCH('Análisis Resultados'!C58,Hoja1!$H$2:$H$45,0)),"") -> Evitar que los problemas (riesgos) obstaculicen el cumplimiento de los objetivos. | F58: =+IFERROR(VLOOKUP(C58,Hoja1!$H$2:$I$45,2,0),"") -> Si | G58: =+IF(F58="Si","Existe requerimiento pero se requiere actividades dirigidas a su mantenimiento dentro del marco de las lineas de defensa.",IF(F58="En proceso","Se encuentra en proceso, pero requiere continuar con acciones dirigidas a contar con dicho aspecto de control.","No se encuentra el aspecto por lo tanto la entidad debera generar acciones dirigidas a que se cumpla con el requerimiento.")) -> Existe requerimiento pero se requiere actividades dirigidas a su mantenimiento dentro del marco de las lineas de defensa. | I58: =+IF(F58="Si",1,IF(F58="En proceso",0.5,0)) -> 1
C59: 41 | E59: =+IFERROR(INDEX(Hoja1!$E$2:$E$45,MATCH('Análisis Resultados'!C59,Hoja1!$H$2:$H$45,0)),"") -> Controlar los puntos críticos en los procesos. | F59: =+IFERROR(VLOOKUP(C59,Hoja1!$H$2:$I$45,2,0),"") -> Si | G59: =+IF(F59="Si","Existe requerimiento pero se requiere actividades dirigidas a su mantenimiento dentro del marco de las lineas de defensa.",IF(F59="En proceso","Se encuentra en proceso, pero requiere continuar con acciones dirigidas a contar con dicho aspecto de control.","No se encuentra el aspecto por lo tanto la entidad debera generar acciones dirigidas a que se cumpla con el requerimiento.")) -> Existe requerimiento pero se requiere actividades dirigidas a su mantenimiento dentro del marco de las lineas de defensa. | I59: =+IF(F59="Si",1,IF(F59="En proceso",0.5,0)) -> 1
C60: 42 | E60: =+IFERROR(INDEX(Hoja1!$E$2:$E$45,MATCH('Análisis Resultados'!C60,Hoja1!$H$2:$H$45,0)),"") -> Diseñar acciones adecuadas para controlar los problemas que afectan el cumplimiento de las metas y objetivos institucionales (riesgos). | F60: =+IFERROR(VLOOKUP(C60,Hoja1!$H$2:$I$45,2,0),"") -> Si | G60: =+IF(F60="Si","Existe requerimiento pero se requiere actividades dirigidas a su mantenimiento dentro del marco de las lineas de defensa.",IF(F60="En proceso","Se encuentra en proceso, pero requiere continuar con acciones dirigidas a contar con dicho aspecto de control.","No se encuentra el aspecto por lo tanto la entidad debera generar acciones dirigidas a que se cumpla con el requerimiento.")) -> Existe requerimiento pero se requiere actividades dirigidas a su mantenimiento dentro del marco de las lineas de defensa. | I60: =+IF(F60="Si",1,IF(F60="En proceso",0.5,0)) -> 1
C61: 43 | E61: =+IFERROR(INDEX(Hoja1!$E$2:$E$45,MATCH('Análisis Resultados'!C61,Hoja1!$H$2:$H$45,0)),"") -> Ejecutar las acciones de acuerdo a como se diseñaron previamente. | F61: =+IFERROR(VLOOKUP(C61,Hoja1!$H$2:$I$45,2,0),"") -> Si | G61: =+IF(F61="Si","Existe requerimiento pero se requiere actividades dirigidas a su mantenimiento dentro del marco de las lineas de defensa.",IF(F61="En proceso","Se encuentra en proceso, pero requiere continuar con acciones dirigidas a contar con dicho aspecto de control.","No se encuentra el aspecto por lo tanto la entidad debera generar acciones dirigidas a que se cumpla con el requerimiento.")) -> Existe requerimiento pero se requiere actividades dirigidas a su mantenimiento dentro del marco de las lineas de defensa. | I61: =+IF(F61="Si",1,IF(F61="En proceso",0.5,0)) -> 1
C62: 44 | E62: =+IFERROR(INDEX(Hoja1!$E$2:$E$45,MATCH('Análisis Resultados'!C62,Hoja1!$H$2:$H$45,0)),"") -> No se gestionan los problemas que afectan el cumplimiento de las funciones y objetivos institucionales(riesgos). | F62: =+IFERROR(VLOOKUP(C62,Hoja1!$H$2:$I$45,2,0),"") -> Si | G62: =+IF(F62="Si","Existe requerimiento pero se requiere actividades dirigidas a su mantenimiento dentro del marco de las lineas de defensa.",IF(F62="En proceso","Se encuentra en proceso, pero requiere continuar con acciones dirigidas a contar con dicho aspecto de control.","No se encuentra el aspecto por lo tanto la entidad debera generar acciones dirigidas a que se cumpla con el requerimiento.")) -> Existe requerimiento pero se requiere actividades dirigidas a su mantenimiento dentro del marco de las lineas de defensa. | I62: =+IF(F62="Si",1,IF(F62="En proceso",0.5,0)) -> 1

Sheet Conclusión
E4: Nombre de la Entidad: | F4: Instituto Municipal de Empleo y Fomento Empresarial del municipio de Bucaramanga
E6: Periodo Evaluado: | F6: Noviembre de 2025
I8: Estado del sistema de Control Interno de la entidad | M8: =+AVERAGE(G26,G28,G30,G32,G34) -> 0.92071429
C18: Conclusión general sobre la evaluación del Sistema de Control Interno
C20: ¿Están todos los componentes operando juntos y de manera integrada? (Si / en proceso / No) (Justifique su respuesta): | E20: Si | F20: Los componentes del sistema de control se encuentran operando de manera articulada, el ambiente de control evidencia una mejora significativa respecto a la revision anterior, los riesgos identificados y establecidos en una documento de mapa de riesgos, sin embargo requieren revision y mejora en los controles, los canales de comunicacion activos respecto a la comunidad, menos el link pqrsd que no se ha puesto en funcionamiento pese a las recomendaciones y lo establecido en la norma, las actividades de control son implementadas y viene siendo efectivas.
C21: ¿Es efectivo el sistema de control interno para los objetivos evaluados? (Si/No) (Justifique su respuesta): | E21: Si | F21: El sistema de control interno viene siendo efectivo respecto a la mitigacion de riesgos y cumplimiento de objetivos, se vienen dando las garantias en el ejercicio de control y las recomendaciones vienen siendo actadas por la alta direccion.
C22: La entidad cuenta dentro de su Sistema de Control Interno, con una institucionalidad (Líneas de defensa) que le permita la toma de decisiones frente al control (Si/No) (Justifique su respuesta): | E22: Si | F22: La entidad desde la alta direccion, las subdirecciones, los comités institucionales y la auditoria interna, tiene interelacionadas las tres lineas de defensa y en cumplimiento de sus roles institucionales, se evidencia mejora significativa en el desarrollo de los comités institucionales, conforme a la normatividad legal vigente.
C24: Componente | E24: ¿se esta cumpliendo los requerimientos ? | G24: Nivel de Cumplimiento componente | I24: Estado actual: Explicacion de las Debilidades y/o Fortalezas encontradas en cada componente
C26: AMBIENTE DE CONTROL | E26: =+IF(Hoja1!K2>=0.5,"Si","No") -> Si | G26: =+Hoja1!K2 -> 0.875 | I26: El instituto viene implementando un ambiente de control favorable dentro del sistema de control interno, se cuenta con modelo adoptado y en funcionamiento, el codigo de integridad se viene apropiando y socializando entre funcionarios y contratistas, se vienen garantizando los procesos de induccion y re induccion y la presentacion de informes de gestion se viene haciendo dentro de lo establecido, se requieren mejoras en la desvinculacion laboral, respecto a entrega de cargos y expedicion de paz y salvos, asi como la mejora de la planta de personal, distribuyendo de mejor manera las cargas y responsabilidades en pro del cumplimiento de objetivos.
C28: EVALUCION DEL RIESGO | E28: =+IF(Hoja1!K14>=0.5,"Si","No") -> Si | G28: =+Hoja1!K14 -> 0.8 | I28: El mapa de riesgos institucional fue consolidado conforme a lo establecido en la guia de administracion del riesgo, se cuenta con las acciones de mitigacion establecidas, sin embargo en seguimientos periodicos se ha podido evicenciar que los controles no resultan efectivos de manera real en la mitigacion de riesgos o incluso algunos de los riesgos plasmados en el documento no resultan concordantes con los procesos, se ha recomendado la revision y actualizacion del documento.
C30: ACTIVIDADES DEL CONTROL | E30: =+IF(Hoja1!K24>=0.5,"Si","No") -> Si | G30: =+Hoja1!K24 -> 1 | I30: Se tienen definidas las acciones de mitigacion y control de riesgos y sus respectivos seguimientos, se recomienda mayor rigor en el monitoreo de los riesgos establecidos por procesos y establecer retroalimentaciones con lideres de procesos, que permita conocimiento e instrucciones continuas enfocados a la mitigacion del riesgo.
C32: INFORMACION Y COMUNICACIÓN | E32: =+IF(Hoja1!K29>=0.5,"Si","No") -> Si | G32: =+Hoja1!K29 -> 0.92857143 | I32: Los canales de comunicación del instituto no se encuentran operando en su totalidad, ya que el link de pqrsd en pagina web se encuentra en implementacion, por otro lado se hace necesaria la actualizacion constante de la pagina web institucional, acorde a las normas de transparencia vigentes.
C34: ACTIVIDADES DE MONITOREO | E34: =+IF(Hoja1!K36>=0.5,"Si","No") -> Si | G34: =+Hoja1!K36 -> 1 | I34: Las actividades de monitoreo supervision y control se encuentran operando de manera satisfactoria, a traves del comité institucional de control interno, comité municipal de control interno, evaluacion del riesgo y seguimiento a planes de mejoramiento internos y externos.

Sheet Hoja1
A1: No. | B1: Componente del MECI asociado | C1: Lineamiento General por Componente | D1: Literal | E1: Requerimiento asociado al componente | F1: Evaluación | G1: Puntaje | H1: Orden | I1: Seguimiento al control | J1: Nivel de cumplimiento -Aaspectos particulares por componente | K1: Promedios
A2: 1a | B2: =+VLOOKUP(A2,'Estado SCI'!$A$16:$C$59,3,0) -> AMBIENTE DE CONTROL | C2: El ambiente de control institucional está integrado por todas esas condiciones mínimas que debe garantizar cualquier entidad pública para el ejercicio del control interno. Para el caso de su entidad indique si se cuenta con: | D2: a | E2: Documento interno o adopción del MECI actualizado | F2: =+VLOOKUP(A2,'Estado SCI'!$A$16:$I$59,9,0) -> Mantenimiento del control | G2: =+VLOOKUP(A2,'Estado SCI'!$A$16:$L$59,12,0) -> 20.123 | H2: =+_xlfn.RANK.EQ(G2,$G$2:$G$45,1) -> 4 | I2: =+IF(VLOOKUP(A2,'Estado SCI'!$A$16:$G$59,7,0)="","",VLOOKUP(A2,'Estado SCI'!$A$16:$G$59,7,0)) -> Si | J2: =+IF(I2="Si",1,IF(I2="En proceso",0.5,0)) -> 1 | K2: =+AVERAGEIF($B$2:$B$45,B2,$J$2:$J$45) -> 0.875
A3: 1b | B3: AMBIENTE DE CONTROL | C3: El ambiente de control institucional está integrado por todas esas condiciones mínimas que debe garantizar cualquier entidad pública para el ejercicio del control interno. Para el caso de su entidad indique si se cuenta con: | D3: b | E3: Un documento tal como un código de ética, integridad u otro que formalice los estándares de conducta, los principios institucionales o los valores del servicio público | F3: =+VLOOKUP(A3,'Estado SCI'!$A$16:$I$59,9,0) -> Mantenimiento del control | G3: =+VLOOKUP(A3,'Estado SCI'!$A$16:$L$59,12,0) -> 20.1234 | H3: =+_xlfn.RANK.EQ(G3,$G$2:$G$45,1) -> 5 | I3: =+IF(VLOOKUP(A3,'Estado SCI'!$A$16:$G$59,7,0)="","",VLOOKUP(A3,'Estado SCI'!$A$16:$G$59,7,0)) -> Si | J3: =+IF(I3="Si",1,IF(I3="En proceso",0.5,0)) -> 1 | K3: =+AVERAGEIF($B$2:$B$45,B3,$J$2:$J$45) -> 0.875
A4: 1c | B4: AMBIENTE DE CONTROL | C4: El ambiente de control institucional está integrado por todas esas condiciones mínimas que debe garantizar cualquier entidad pública para el ejercicio del control interno. Para el caso de su entidad indique si se cuenta con: | D4: c | E4: Planes, programas y proyectos de acuerdo con las normas que rigen y atendiendo con su propósito fundamental institucional (misión) | F4: =+VLOOKUP(A4,'Estado SCI'!$A$16:$I$59,9,0) -> Mantenimiento del control | G4: =+VLOOKUP(A4,'Estado SCI'!$A$16:$L$59,12,0) -> 20.12345 | H4: =+_xlfn.RANK.EQ(G4,$G$2:$G$45,1) -> 6 | I4: =+IF(VLOOKUP(A4,'Estado SCI'!$A$16:$G$59,7,0)="","",VLOOKUP(A4,'Estado SCI'!$A$16:$G$59,7,0)) -> Si | J4: =+IF(I4="Si",1,IF(I4="En proceso",0.5,0)) -> 1 | K4: =+AVERAGEIF($B$2:$B$45,B4,$J$2:$J$45) -> 0.875
A5: 1d | B5: AMBIENTE DE CONTROL | C5: El ambiente de control institucional está integrado por todas esas condiciones mínimas que debe garantizar cualquier entidad pública para el ejercicio del control interno. Para el caso de su entidad indique si se cuenta con: | D5: d | E5: Una estructura organizacional formalizada (organigrama) | F5: =+VLOOKUP(A5,'Estado SCI'!$A$16:$I$59,9,0) -> Oportunidad de mejora | G5: =+VLOOKUP(A5,'Estado SCI'!$A$16:$L$59,12,0) -> 10.123456 | H5: =+_xlfn.RANK.EQ(G5,$G$2:$G$45,1) -> 1 | I5: =+IF(VLOOKUP(A5,'Estado SCI'!$A$16:$G$59,7,0)="","",VLOOKUP(A5,'Estado SCI'!$A$16:$G$59,7,0)) -> En proceso | J5: =+IF(I5="Si",1,IF(I5="En proceso",0.5,0)) -> 0.5 | K5: =+AVERAGEIF($B$2:$B$45,B5,$J$2:$J$45) -> 0.875
A6: 1e | B6: AMBIENTE DE CONTROL | C6: El ambiente de control institucional está integrado por todas esas condiciones mínimas que debe garantizar cualquier entidad pública para el ejercicio del control interno. Para el caso de su entidad indique si se cuenta con: | D6: e | E6: Un manual de funciones que describa los empleos de la entidad | F6: =+VLOOKUP(A6,'Estado SCI'!$A$16:$I$59,9,0) -> Mantenimiento del control | G6: =+VLOOKUP(A6,'Estado SCI'!$A$16:$L$59,12,0) -> 20.123457 | H6: =+_xlfn.RANK.EQ(G6,$G$2:$G$45,1) -> 7 | I6: =+IF(VLOOKUP(A6,'Estado SCI'!$A$16:$G$59,7,0)="","",VLOOKUP(A6,'Estado SCI'!$A$16:$G$59,7,0)) -> Si | J6: =+IF(I6="Si",1,IF(I6="En proceso",0.5,0)) -> 1 | K6: =+AVERAGEIF($B$2:$B$45,B6,$J$2:$J$45) -> 0.875
A7: 1f | B7: AMBIENTE DE CONTROL | C7: El ambiente de control institucional está integrado por todas esas condiciones mínimas que debe garantizar cualquier entidad pública para el ejercicio del control interno. Para el caso de su entidad indique si se cuenta con: | D7: f | E7: La documentación de sus procesos y procedimientos o bien una lista de actividades principales que permitan conocer el estado de su gestión | F7: =+VLOOKUP(A7,'Estado SCI'!$A$16:$I$59,9,0) -> Mantenimiento del control | G7: =+VLOOKUP(A7,'Estado SCI'!$A$16:$L$59,12,0) -> 20.123457 | H7: =+_xlfn.RANK.EQ(G7,$G$2:$G$45,1) -> 8 | I7: =+IF(VLOOKUP(A7,'Estado SCI'!$A$16:$G$59,7,0)="","",VLOOKUP(A7,'Estado SCI'!$A$16:$G$59,7,0)) -> Si | J7: =+IF(I7="Si",1,IF(I7="En proceso",0.5,0)) -> 1 | K7: =+AVERAGEIF($B$2:$B$45,B7,$J$2:$J$45) -> 0.875
A8: 1g | B8: AMBIENTE DE CONTROL | C8: El ambiente de control institucional está integrado por todas esas condiciones mínimas que debe garantizar cualquier entidad pública para el ejercicio del control interno. Para el caso de su entidad indique si se cuenta con: | D8: g | E8: Vinculación de los servidores públicos de acuerdo con el marco normativo que les rige (carrera administrativa, libre nombramiento y remoción, entre otros) | F8: =+VLOOKUP(A8,'Estado SCI'!$A$16:$I$59,9,0) -> Mantenimiento del control | G8: =+VLOOKUP(A8,'Estado SCI'!$A$16:$L$59,12,0) -> 20.123457 | H8: =+_xlfn.RANK.EQ(G8,$G$2:$G$45,1) -> 9 | I8: =+IF(VLOOKUP(A8,'Estado SCI'!$A$16:$G$59,7,0)="","",VLOOKUP(A8,'Estado SCI'!$A$16:$G$59,7,0)) -> Si | J8: =+IF(I8="Si",1,IF(I8="En proceso",0.5,0)) -> 1 | K8: =+AVERAGEIF($B$2:$B$45,B8,$J$2:$J$45) -> 0.875
A9: 1h | B9: AMBIENTE DE CONTROL | C9: El ambiente de control institucional está integrado por todas esas condiciones mínimas que debe garantizar cualquier entidad pública para el ejercicio del control interno. Para el caso de su entidad indique si se cuenta con: | D9: h | E9: Procesos de inducción, capacitación y bienestar social para sus servidores públicos, de manera directa o en asociación con otras entidades municipales | F9: =+VLOOKUP(A9,'Estado SCI'!$A$16:$I$59,9,0) -> Mantenimiento del control | G9: =+VLOOKUP(A9,'Estado SCI'!$A$16:$L$59,12,0) -> 20.123457 | H9: =+_xlfn.RANK.EQ(G9,$G$2:$G$45,1) -> 10 | I9: =+IF(VLOOKUP(A9,'Estado SCI'!$A$16:$G$59,7,0)="","",VLOOKUP(A9,'Estado SCI'!$A$16:$G$59,7,0)) -> Si | J9: =+IF(I9="Si",1,IF(I9="En proceso",0.5,0)) -> 1 | K9: =+AVERAGEIF($B$2:$B$45,B9,$J$2:$J$45) -> 0.875
A10: 1i | B10: AMBIENTE DE CONTROL | C10: El ambiente de control institucional está integrado por todas esas condiciones mínimas que debe garantizar cualquier entidad pública para el ejercicio del control interno. Para el caso de su entidad indique si se cuenta con: | D10: i | E10: Evaluación a los servidores públicos de acuerdo con el marco normativo que le rige | F10: =+VLOOKUP(A10,'Estado SCI'!$A$16:$I$59,9,0) -> Mantenimiento del control | G10: =+VLOOKUP(A10,'Estado SCI'!$A$16:$L$59,12,0) -> 20.123457 | H10: =+_xlfn.RANK.EQ(G10,$G$2:$G$45,1) -> 11 | I10: =+IF(VLOOKUP(A10,'Estado SCI'!$A$16:$G$59,7,0)="","",VLOOKUP(A10,'Estado SCI'!$A$16:$G$59,7,0)) -> Si | J10: =+IF(I10="Si",1,IF(I10="En proceso",0.5,0)) -> 1 | K10: =+AVERAGEIF($B$2:$B$45,B10,$J$2:$J$45) -> 0.875
A11: 1j | B11: AMBIENTE DE CONTROL | C11: El ambiente de control institucional está integrado por todas esas condiciones mínimas que debe garantizar cualquier entidad pública para el ejercicio del control interno. Para el caso de su entidad indique si se cuenta con: | D11: j | E11: Procesos de desvinculación de servidores de acuerdo con lo previsto en la Constitución Política y las leyes | F11: =+VLOOKUP(A11,'Estado SCI'!$A$16:$I$59,9,0) -> Oportunidad de mejora | G11: =+VLOOKUP(A11,'Estado SCI'!$A$16:$L$59,12,0) -> 10.123457 | H11: =+_xlfn.RANK.EQ(G11,$G$2:$G$45,1) -> 2 | I11: =+IF(VLOOKUP(A11,'Estado SCI'!$A$16:$G$59,7,0)="","",VLOOKUP(A11,'Estado SCI'!$A$16:$G$59,7,0)) -> En proceso | J11: =+IF(I11="Si",1,IF(I11="En proceso",0.5,0)) -> 0.5 | K11: =+AVERAGEIF($B$2:$B$45,B11,$J$2:$J$45) -> 0.875
A12: 1k | B12: AMBIENTE DE CONTROL | C12: El ambiente de control institucional está integrado por todas esas condiciones mínimas que debe garantizar cualquier entidad pública para el ejercicio del control interno. Para el caso de su entidad indique si se cuenta con: | D12: k | E12: Mecanismos de rendición de cuentas a la ciudadanía | F12: =+VLOOKUP(A12,'Estado SCI'!$A$16:$I$59,9,0) -> Oportunidad de mejora | G12: =+VLOOKUP(A12,'Estado SCI'!$A$16:$L$59,12,0) -> 10.123457 | H12: =+_xlfn.RANK.EQ(G12,$G$2:$G$45,1) -> 3 | I12: =+IF(VLOOKUP(A12,'Estado SCI'!$A$16:$G$59,7,0)="","",VLOOKUP(A12,'Estado SCI'!$A$16:$G$59,7,0)) -> En proceso | J12: =+IF(I12="Si",1,IF(I12="En proceso",0.5,0)) -> 0.5 | K12: =+AVERAGEIF($B$2:$B$45,B12,$J$2:$J$45) -> 0.875
A13: 1l | B13: AMBIENTE DE CONTROL | C13: El ambiente de control institucional está integrado por todas esas condiciones mínimas que debe garantizar cualquier entidad pública para el ejercicio del control interno. Para el caso de su entidad indique si se cuenta con: | D13: l | E13: Presentación oportuna de sus informes de gestión a las autoridades competentes | F13: =+VLOOKUP(A13,'Estado SCI'!$A$16:$I$59,9,0) -> Mantenimiento del control | G13: =+VLOOKUP(A13,'Estado SCI'!$A$16:$L$59,12,0) -> 20.123457 | H13: =+_xlfn.RANK.EQ(G13,$G$2:$G$45,1) -> 12 | I13: =+IF(VLOOKUP(A13,'Estado SCI'!$A$16:$G$59,7,0)="","",VLOOKUP(A13,'Estado SCI'!$A$16:$G$59,7,0)) -> Si | J13: =+IF(I13="Si",1,IF(I13="En proceso",0.5,0)) -> 1 | K13: =+AVERAGEIF($B$2:$B$45,B13,$J$2:$J$45) -> 0.875
A14: 2a | B14: =+VLOOKUP(A14,'Estado SCI'!$A$16:$C$59,3,0) -> EVALUACION DEL RIESGO | C14: Toda entidad debe identificar, evaluar y gestionar eventos potenciales, tanto internos como externos, que puedan afectar el logro de los objetivos institucionales. Para el caso de su entidad indique si se cuenta con: | D14: a | E14: La identificación de cambios en su entorno que pueden generar consecuencias negativas en su gestión | F14: =+VLOOKUP(A14,'Estado SCI'!$A$16:$I$59,9,0) -> Mantenimiento del control | G14: =+VLOOKUP(A14,'Estado SCI'!$A$16:$L$59,12,0) -> 40.23 | H14: =+_xlfn.RANK.EQ(G14,$G$2:$G$45,1) -> 17 | I14: =+IF(VLOOKUP(A14,'Estado SCI'!$A$16:$G$59,7,0)="","",VLOOKUP(A14,'Estado SCI'!$A$16:$G$59,7,0)) -> Si | J14: =+IF(I14="Si",1,IF(I14="En proceso",0.5,0)) -> 1 | K14: =+AVERAGEIF($B$2:$B$45,B14,$J$2:$J$45) -> 0.8
A15: 2b | B15: EVALUACION DEL RIESGO | C15: Toda entidad debe identificar, evaluar y gestionar eventos potenciales, tanto internos como externos, que puedan afectar el logro de los objetivos institucionales. Para el caso de su entidad indique si se cuenta con: | D15: b | E15: La identificación de aquellos problemas o aspectos que pueden afectar el cumplimiento de los planes de la entidad y en general su gestión institucional (riesgos) | F15: =+VLOOKUP(A15,'Estado SCI'!$A$16:$I$59,9,0) -> Oportunidad de mejora | G15: =+VLOOKUP(A15,'Estado SCI'!$A$16:$L$59,12,0) -> 30.234 | H15: =+_xlfn.RANK.EQ(G15,$G$2:$G$45,1) -> 13 | I15: =+IF(VLOOKUP(A15,'Estado SCI'!$A$16:$G$59,7,0)="","",VLOOKUP(A15,'Estado SCI'!$A$16:$G$59,7,0)) -> En proceso | J15: =+IF(I15="Si",1,IF(I15="En proceso",0.5,0)) -> 0.5 | K15: =+AVERAGEIF($B$2:$B$45,B15,$J$2:$J$45) -> 0.8
A16: 2c | B16: EVALUACION DEL RIESGO | C16: Toda entidad debe identificar, evaluar y gestionar eventos potenciales, tanto internos como externos, que puedan afectar el logro de los objetivos institucionales. Para el caso de su entidad indique si se cuenta con: | D16: c | E16: La identificación de los riesgos relacionados con posibles actos de corrupción en el ejercicio de sus funciones | F16: =+VLOOKUP(A16,'Estado SCI'!$A$16:$I$59,9,0) -> Mantenimiento del control | G16: =+VLOOKUP(A16,'Estado SCI'!$A$16:$L$59,12,0) -> 40.2345 | H16: =+_xlfn.RANK.EQ(G16,$G$2:$G$45,1) -> 18 | I16: =+IF(VLOOKUP(A16,'Estado SCI'!$A$16:$G$59,7,0)="","",VLOOKUP(A16,'Estado SCI'!$A$16:$G$59,7,0)) -> Si | J16: =+IF(I16="Si",1,IF(I16="En proceso",0.5,0)) -> 1 | K16: =+AVERAGEIF($B$2:$B$45,B16,$J$2:$J$45) -> 0.8
A17: 2d | B17: EVALUACION DEL RIESGO | C17: Toda entidad debe identificar, evaluar y gestionar eventos potenciales, tanto internos como externos, que puedan afectar el logro de los objetivos institucionales. Para el caso de su entidad indique si se cuenta con: | D17: d | E17: Si su capacidad e infraestructura lo permite, identificación de riesgos asociados a las tecnologías de la información y las comunicaciones | F17: =+VLOOKUP(A17,'Estado SCI'!$A$16:$I$59,9,0) -> Mantenimiento del control | G17: =+VLOOKUP(A17,'Estado SCI'!$A$16:$L$59,12,0) -> 40.23456 | H17: =+_xlfn.RANK.EQ(G17,$G$2:$G$45,1) -> 19 | I17: =+IF(VLOOKUP(A17,'Estado SCI'!$A$16:$G$59,7,0)="","",VLOOKUP(A17,'Estado SCI'!$A$16:$G$59,7,0)) -> Si | J17: =+IF(I17="Si",1,IF(I17="En proceso",0.5,0)) -> 1 | K17: =+AVERAGEIF($B$2:$B$45,B17,$J$2:$J$45) -> 0.8
A18: 3a | B18: EVALUACION DEL RIESGO | C18: Una vez identificados los problemas que afectan el cumplimiento de los planes de la entidad o su gestión institucional, la entidad debe diseñar los controles o mecanismos para darles tratamiento. Para el caso de su entidad indique si se cuenta con: | D18: a | E18: Hacen seguimiento a los problemas (riesgos) que pueden afectar el cumplimiento de sus procesos, programas o proyectos a cargo | F18: =+VLOOKUP(A18,'Estado SCI'!$A$16:$I$59,9,0) -> Mantenimiento del control | G18: =+VLOOKUP(A18,'Estado SCI'!$A$16:$L$59,12,0) -> 40.234567 | H18: =+_xlfn.RANK.EQ(G18,$G$2:$G$45,1) -> 20 | I18: =+IF(VLOOKUP(A18,'Estado SCI'!$A$16:$G$59,7,0)="","",VLOOKUP(A18,'Estado SCI'!$A$16:$G$59,7,0)) -> Si | J18: =+IF(I18="Si",1,IF(I18="En proceso",0.5,0)) -> 1 | K18: =+AVERAGEIF($B$2:$B$45,B18,$J$2:$J$45) -> 0.8
A19: 3b | B19: EVALUACION DEL RIESGO | C19: Una vez identificados los problemas que afectan el cumplimiento de los planes de la entidad o su gestión institucional, la entidad debe diseñar los controles o mecanismos para darles tratamiento. Para el caso de su entidad indique si se cuenta con: | D19: b | E19: Informan de manera periódica a quien corresponda sobre el desempeño de las actividades de gestión de riesgos | F19: =+VLOOKUP(A19,'Estado SCI'!$A$16:$I$59,9,0) -> Oportunidad de mejora | G19: =+VLOOKUP(A19,'Estado SCI'!$A$16:$L$59,12,0) -> 30.234568 | H19: =+_xlfn.RANK.EQ(G19,$G$2:$G$45,1) -> 14 | I19: =+IF(VLOOKUP(A19,'Estado SCI'!$A$16:$G$59,7,0)="","",VLOOKUP(A19,'Estado SCI'!$A$16:$G$59,7,0)) -> En proceso | J19: =+IF(I19="Si",1,IF(I19="En proceso",0.5,0)) -> 0.5 | K19: =+AVERAGEIF($B$2:$B$45,B19,$J$2:$J$45) -> 0.8
A20: 3c | B20: EVALUACION DEL RIESGO | C20: Una vez identificados los problemas que afectan el cumplimiento de los planes de la entidad o su gestión institucional, la entidad debe diseñar los controles o mecanismos para darles tratamiento. Para el caso de su entidad indique si se cuenta con: | D20: c | E20: Identifican deficiencias en las maneras de controlar los riesgos o problemas en sus procesos, programas o proyectos, y propone los ajustes necesarios | F20: =+VLOOKUP(A20,'Estado SCI'!$A$16:$I$59,9,0) -> Oportunidad de mejora | G20: =+VLOOKUP(A20,'Estado SCI'!$A$16:$L$59,12,0) -> 30.234568 | H20: =+_xlfn.RANK.EQ(G20,$G$2:$G$45,1) -> 15 | I20: =+IF(VLOOKUP(A20,'Estado SCI'!$A$16:$G$59,7,0)="","",VLOOKUP(A20,'Estado SCI'!$A$16:$G$59,7,0)) -> En proceso | J20: =+IF(I20="Si",1,IF(I20="En proceso",0.5,0)) -> 0.5 | K20: =+AVERAGEIF($B$2:$B$45,B20,$J$2:$J$45) -> 0.8
A21: 4a | B21: EVALUACION DEL RIESGO | C21: Una vez identificados los problemas que afectan el cumplimiento de los planes de la entidad o su gestión institucional, la entidad debe diseñar los controles o mecanismos para darles tratamiento. Para el caso de su entidad indique si se cuenta con: | D21: a | E21: Se definen espacios de reunión para conocerlos y proponer acciones para su solución | F21: =+VLOOKUP(A21,'Estado SCI'!$A$16:$I$59,9,0) -> Mantenimiento del control | G21: =+VLOOKUP(A21,'Estado SCI'!$A$16:$L$59,12,0) -> 40.234568 | H21: =+_xlfn.RANK.EQ(G21,$G$2:$G$45,1) -> 21 | I21: =+IF(VLOOKUP(A21,'Estado SCI'!$A$16:$G$59,7,0)="","",VLOOKUP(A21,'Estado SCI'!$A$16:$G$59,7,0)) -> Si | J21: =+IF(I21="Si",1,IF(I21="En proceso",0.5,0)) -> 1 | K21: =+AVERAGEIF($B$2:$B$45,B21,$J$2:$J$45) -> 0.8
A22: 4b | B22: EVALUACION DEL RIESGO | C22: Las entidades deben procurar, de acuerdo con sus propias capacidades internas, que la información y la comunicación que requiere para su gestión y control interno fluya de manera clara. Acorde con lo anterior, indique si se cuenta con: | D22: b | E22: Cada líder del equipo autónomamente toma las acciones para solucionarlos. | F22: =+VLOOKUP(A22,'Estado SCI'!$A$16:$I$59,9,0) -> Oportunidad de mejora | G22: =+VLOOKUP(A22,'Estado SCI'!$A$16:$L$59,12,0) -> 30.234568 | H22: =+_xlfn.RANK.EQ(G22,$G$2:$G$45,1) -> 16 | I22: =+IF(VLOOKUP(A22,'Estado SCI'!$A$16:$G$59,7,0)="","",VLOOKUP(A22,'Estado SCI'!$A$16:$G$59,7,0)) -> En proceso | J22: =+IF(I22="Si",1,IF(I22="En proceso",0.5,0)) -> 0.5 | K22: =+AVERAGEIF($B$2:$B$45,B22,$J$2:$J$45) -> 0.8
A23: 4c | B23: EVALUACION DEL RIESGO | C23: Las entidades deben procurar, de acuerdo con sus propias capacidades internas, que la información y la comunicación que requiere para su gestión y control interno fluya de manera clara. Acorde con lo anterior, indique si se cuenta con: | D23: c | E23: Solamente hasta que un organismo de control actúa se definen acciones de mejora. | F23: =+VLOOKUP(A23,'Estado SCI'!$A$16:$I$59,9,0) -> Mantenimiento del control | G23: =+VLOOKUP(A23,'Estado SCI'!$A$16:$L$59,12,0) -> 40.234568 | H23: =+_xlfn.RANK.EQ(G23,$G$2:$G$45,1) -> 22 | I23: =+IF(VLOOKUP(A23,'Estado SCI'!$A$16:$G$59,7,0)="","",VLOOKUP(A23,'Estado SCI'!$A$16:$G$59,7,0)) -> Si | J23: =+IF(I23="Si",1,IF(I23="En proceso",0.5,0)) -> 1 | K23: =+AVERAGEIF($B$2:$B$45,B23,$J$2:$J$45) -> 0.8
A24: 5a | B24: =+VLOOKUP(A24,'Estado SCI'!$A$16:$C$59,3,0) -> ACTIVIDADES DE CONTROL | C24: Las entidades deben procurar, de acuerdo con sus propias capacidades internas, que la información y la comunicación que requiere para su gestión y control interno fluya de manera clara. Acorde con lo anterior, indique si se cuenta con: | D24: a | E24: La definición de acciones o actividades para para dar tratamiento a los problemas identificados (mitigación de riesgos), incluyendo aquellos asociados a posibles actos de corrupción | F24: =+VLOOKUP(A24,'Estado SCI'!$A$16:$I$59,9,0) -> Mantenimiento del control | G24: =+VLOOKUP(A24,'Estado SCI'!$A$16:$L$59,12,0) -> 60.31 | H24: =+_xlfn.RANK.EQ(G24,$G$2:$G$45,1) -> 23 | I24: =+IF(VLOOKUP(A24,'Estado SCI'!$A$16:$G$59,7,0)="","",VLOOKUP(A24,'Estado SCI'!$A$16:$G$59,7,0)) -> Si | J24: =+IF(I24="Si",1,IF(I24="En proceso",0.5,0)) -> 1 | K24: =+AVERAGEIF($B$2:$B$45,B24,$J$2:$J$45) -> 1
A25: 5b | B25: ACTIVIDADES DE CONTROL | C25: Las entidades deben procurar, de acuerdo con sus propias capacidades internas, que la información y la comunicación que requiere para su gestión y control interno fluya de manera clara. Acorde con lo anterior, indique si se cuenta con: | D25: b | E25: Mecanismos de verificación de si se están o no mitigando los riesgos, o en su defecto, elaboración de planes de contingencia para subsanar sus consecuencias | F25: =+VLOOKUP(A25,'Estado SCI'!$A$16:$I$59,9,0) -> Mantenimiento del control | G25: =+VLOOKUP(A25,'Estado SCI'!$A$16:$L$59,12,0) -> 60.323 | H25: =+_xlfn.RANK.EQ(G25,$G$2:$G$45,1) -> 24 | I25: =+IF(VLOOKUP(A25,'Estado SCI'!$A$16:$G$59,7,0)="","",VLOOKUP(A25,'Estado SCI'!$A$16:$G$59,7,0)) -> Si | J25: =+IF(I25="Si",1,IF(I25="En proceso",0.5,0)) -> 1 | K25: =+AVERAGEIF($B$2:$B$45,B25,$J$2:$J$45) -> 1
A26: 5c | B26: ACTIVIDADES DE CONTROL | C26: Las entidades deben procurar, de acuerdo con sus propias capacidades internas, que la información y la comunicación que requiere para su gestión y control interno fluya de manera clara. Acorde con lo anterior, indique si se cuenta con: | D26: c | E26: Planes, acciones o estrategias que permitan subsanar las consecuencias de la materialización de los riesgos, cuando se presentan | F26: =+VLOOKUP(A26,'Estado SCI'!$A$16:$I$59,9,0) -> Mantenimiento del control | G26: =+VLOOKUP(A26,'Estado SCI'!$A$16:$L$59,12,0) -> 60.324 | H26: =+_xlfn.RANK.EQ(G26,$G$2:$G$45,1) -> 25 | I26: =+IF(VLOOKUP(A26,'Estado SCI'!$A$16:$G$59,7,0)="","",VLOOKUP(A26,'Estado SCI'!$A$16:$G$59,7,0)) -> Si | J26: =+IF(I26="Si",1,IF(I26="En proceso",0.5,0)) -> 1 | K26: =+AVERAGEIF($B$2:$B$45,B26,$J$2:$J$45) -> 1
A27: 5d | B27: ACTIVIDADES DE CONTROL | C27: Las entidades deben procurar, de acuerdo con sus propias capacidades internas, que la información y la comunicación que requiere para su gestión y control interno fluya de manera clara. Acorde con lo anterior, indique si se cuenta con: | D27: d | E27: Un documento que consolide los riesgos y el tratamiento que se les da, incluyendo aquellos que conllevan posibles actos de corrupción y si la capacidad e infraestructura lo permite, los asociados con las tecnologías de la información y las comunicaciones | F27: =+VLOOKUP(A27,'Estado SCI'!$A$16:$I$59,9,0) -> Mantenimiento del control | G27: =+VLOOKUP(A27,'Estado SCI'!$A$16:$L$59,12,0) -> 60.325 | H27: =+_xlfn.RANK.EQ(G27,$G$2:$G$45,1) -> 26 | I27: =+IF(VLOOKUP(A27,'Estado SCI'!$A$16:$G$59,7,0)="","",VLOOKUP(A27,'Estado SCI'!$A$16:$G$59,7,0)) -> Si | J27: =+IF(I27="Si",1,IF(I27="En proceso",0.5,0)) -> 1 | K27: =+AVERAGEIF($B$2:$B$45,B27,$J$2:$J$45) -> 1
A28: 5e | B28: ACTIVIDADES DE CONTROL | C28: Las entidades deben valorar: la eficiencia y eficacia de su gestión y la efectividad del control interno de la entidad pública con el propósito de detectar desviaciones y generar recomendaciones para la mejora. Para el caso de su entidad indique si se cuenta con: | D28: e | E28: Un plan anticorrupción y de servicio al ciudadano con los temas que le aplican, publicado en algún medio para conocimiento de la ciudadanía | F28: =+VLOOKUP(A28,'Estado SCI'!$A$16:$I$59,9,0) -> Mantenimiento del control | G28: =+VLOOKUP(A28,'Estado SCI'!$A$16:$L$59,12,0) -> 60.326 | H28: =+_xlfn.RANK.EQ(G28,$G$2:$G$45,1) -> 27 | I28: =+IF(VLOOKUP(A28,'Estado SCI'!$A$16:$G$59,7,0)="","",VLOOKUP(A28,'Estado SCI'!$A$16:$G$59,7,0)) -> Si | J28: =+IF(I28="Si",1,IF(I28="En proceso",0.5,0)) -> 1 | K28: =+AVERAGEIF($B$2:$B$45,B28,$J$2:$J$45) -> 1
A29: 6a | B29: =+VLOOKUP(A29,'Estado SCI'!$A$16:$C$59,3,0) -> INFORMACION Y COMUNICACIÓN | C29: Las entidades deben valorar: la eficiencia y eficacia de su gestión y la efectividad del control interno de la entidad pública con el propósito de detectar desviaciones y generar recomendaciones para la mejora. Para el caso de su entidad indique si se cuenta con: | D29: a | E29: Responsables de la información institucional | F29: =+VLOOKUP(A29,'Estado SCI'!$A$16:$I$59,9,0) -> Mantenimiento del control | G29: =+VLOOKUP(A29,'Estado SCI'!$A$16:$L$59,12,0) -> 80.412 | H29: =+_xlfn.RANK.EQ(G29,$G$2:$G$45,1) -> 29 | I29: =+IF(VLOOKUP(A29,'Estado SCI'!$A$16:$G$59,7,0)="","",VLOOKUP(A29,'Estado SCI'!$A$16:$G$59,7,0)) -> Si | J29: =+IF(I29="Si",1,IF(I29="En proceso",0.5,0)) -> 1 | K29: =+AVERAGEIF($B$2:$B$45,B29,$J$2:$J$45) -> 0.92857143
A30: 6b | B30: INFORMACION Y COMUNICACIÓN | C30: Las entidades deben valorar: la eficiencia y eficacia de su gestión y la efectividad del control interno de la entidad pública con el propósito de detectar desviaciones y generar recomendaciones para la mejora. Para el caso de su entidad indique si se cuenta con: | D30: b | E30: Canales de comunicación con los ciudadanos | F30: =+VLOOKUP(A30,'Estado SCI'!$A$16:$I$59,9,0) -> Mantenimiento del control | G30: =+VLOOKUP(A30,'Estado SCI'!$A$16:$L$59,12,0) -> 80.4123 | H30: =+_xlfn.RANK.EQ(G30,$G$2:$G$45,1) -> 30 | I30: =+IF(VLOOKUP(A30,'Estado SCI'!$A$16:$G$59,7,0)="","",VLOOKUP(A30,'Estado SCI'!$A$16:$G$59,7,0)) -> Si | J30: =+IF(I30="Si",1,IF(I30="En proceso",0.5,0)) -> 1 | K30: =+AVERAGEIF($B$2:$B$45,B30,$J$2:$J$45) -> 0.92857143
A31: 6c | B31: INFORMACION Y COMUNICACIÓN | C31: Las entidades deben valorar: la eficiencia y eficacia de su gestión y la efectividad del control interno de la entidad pública con el propósito de detectar desviaciones y generar recomendaciones para la mejora. Para el caso de su entidad indique si se cuenta con: | D31: c | E31: Canales de comunicación o mecanismos de reporte de información a otros organismos gubernamentales o de control | F31: =+VLOOKUP(A31,'Estado SCI'!$A$16:$I$59,9,0) -> Mantenimiento del control | G31: =+VLOOKUP(A31,'Estado SCI'!$A$16:$L$59,12,0) -> 80.41234 | H31: =+_xlfn.RANK.EQ(G31,$G$2:$G$45,1) -> 31 | I31: =+IF(VLOOKUP(A31,'Estado SCI'!$A$16:$G$59,7,0)="","",VLOOKUP(A31,'Estado SCI'!$A$16:$G$59,7,0)) -> Si | J31: =+IF(I31="Si",1,IF(I31="En proceso",0.5,0)) -> 1 | K31: =+AVERAGEIF($B$2:$B$45,B31,$J$2:$J$45) -> 0.92857143
A32: 6d | B32: INFORMACION Y COMUNICACIÓN | C32: ¿La entidad ha solicitado hacer parte del Comité Municipal de Auditoría, a efectos de contar con un escenario para compartir buenas prácticas en materia de control interno, así como analizar la viabilidad de contar como mínimo con un proceso auditor en la vigencia? | D32: d | E32: Lineamientos para dar tratamiento a la información de carácter reservado | F32: =+VLOOKUP(A32,'Estado SCI'!$A$16:$I$59,9,0) -> Mantenimiento del control | G32: =+VLOOKUP(A32,'Estado SCI'!$A$16:$L$59,12,0) -> 80.412345 | H32: =+_xlfn.RANK.EQ(G32,$G$2:$G$45,1) -> 32 | I32: =+IF(VLOOKUP(A32,'Estado SCI'!$A$16:$G$59,7,0)="","",VLOOKUP(A32,'Estado SCI'!$A$16:$G$59,7,0)) -> Si | J32: =+IF(I32="Si",1,IF(I32="En proceso",0.5,0)) -> 1 | K32: =+AVERAGEIF($B$2:$B$45,B32,$J$2:$J$45) -> 0.92857143
A33: 6e | B33: INFORMACION Y COMUNICACIÓN | C33: El jefe de control interno o quien haga sus veces, ha podido evidenciar si en la entidad si el manejo que se ha hecho a los problemas que afectan el cumplimiento de sus metas y objetivos (riesgos) le ha permitido: | D33: e | E33: Identificación de información que produce en el marco de su gestión (Para los ciudadanos, organismos de control, organismos gubernamentales, entre otros) | F33: =+VLOOKUP(A33,'Estado SCI'!$A$16:$I$59,9,0) -> Mantenimiento del control | G33: =+VLOOKUP(A33,'Estado SCI'!$A$16:$L$59,12,0) -> 80.412346 | H33: =+_xlfn.RANK.EQ(G33,$G$2:$G$45,1) -> 33 | I33: =+IF(VLOOKUP(A33,'Estado SCI'!$A$16:$G$59,7,0)="","",VLOOKUP(A33,'Estado SCI'!$A$16:$G$59,7,0)) -> Si | J33: =+IF(I33="Si",1,IF(I33="En proceso",0.5,0)) -> 1 | K33: =+AVERAGEIF($B$2:$B$45,B33,$J$2:$J$45) -> 0.92857143
A34: 6f | B34: INFORMACION Y COMUNICACIÓN | C34: El jefe de control interno o quien haga sus veces, ha podido evidenciar si en la entidad si el manejo que se ha hecho a los problemas que afectan el cumplimiento de sus metas y objetivos (riesgos) le ha permitido: | D34: f | E34: Identificación de información necesaria para la operación de la entidad (normograma, presupuesto, talento humano, infraestructura física y tecnológica) | F34: =+VLOOKUP(A34,'Estado SCI'!$A$16:$I$59,9,0) -> Oportunidad de mejora | G34: =+VLOOKUP(A34,'Estado SCI'!$A$16:$L$59,12,0) -> 70.412346 | H34: =+_xlfn.RANK.EQ(G34,$G$2:$G$45,1) -> 28 | I34: =+IF(VLOOKUP(A34,'Estado SCI'!$A$16:$G$59,7,0)="","",VLOOKUP(A34,'Estado SCI'!$A$16:$G$59,7,0)) -> En proceso | J34: =+IF(I34="Si",1,IF(I34="En proceso",0.5,0)) -> 0.5 | K34: =+AVERAGEIF($B$2:$B$45,B34,$J$2:$J$45) -> 0.92857143
A35: 6g | B35: INFORMACION Y COMUNICACIÓN | C35: El jefe de control interno o quien haga sus veces, ha podido evidenciar si en la entidad si el manejo que se ha hecho a los problemas que afectan el cumplimiento de sus metas y objetivos (riesgos) le ha permitido: | D35: g | E35: Si su capacidad e infraestructura lo permite, tecnologías de la información y las comunicaciones que soporten estos procesos | F35: =+VLOOKUP(A35,'Estado SCI'!$A$16:$I$59,9,0) -> Mantenimiento del control | G35: =+VLOOKUP(A35,'Estado SCI'!$A$16:$L$59,12,0) -> 80.412346 | H35: =+_xlfn.RANK.EQ(G35,$G$2:$G$45,1) -> 34 | I35: =+IF(VLOOKUP(A35,'Estado SCI'!$A$16:$G$59,7,0)="","",VLOOKUP(A35,'Estado SCI'!$A$16:$G$59,7,0)) -> Si | J35: =+IF(I35="Si",1,IF(I35="En proceso",0.5,0)) -> 1 | K35: =+AVERAGEIF($B$2:$B$45,B35,$J$2:$J$45) -> 0.92857143
A36: 7a | B36: =+VLOOKUP(A36,'Estado SCI'!$A$16:$C$59,3,0) -> ACTIVIDADES DE MONITOREO | C36: El jefe de control interno o quien haga sus veces, ha podido evidenciar si en la entidad si el manejo que se ha hecho a los problemas que afectan el cumplimiento de sus metas y objetivos (riesgos) le ha permitido: | D36: a | E36: Mecanismos de evaluación de la gestión (cronogramas, indicadores, listas de chequeo u otros) | F36: =+VLOOKUP(A36,'Estado SCI'!$A$16:$I$59,9,0) -> Mantenimiento del control | G36: =+VLOOKUP(A36,'Estado SCI'!$A$16:$L$59,12,0) -> 120.851 | H36: =+_xlfn.RANK.EQ(G36,$G$2:$G$45,1) -> 35 | I36: =+IF(VLOOKUP(A36,'Estado SCI'!$A$16:$G$59,7,0)="","",VLOOKUP(A36,'Estado SCI'!$A$16:$G$59,7,0)) -> Si | J36: =+IF(I36="Si",1,IF(I36="En proceso",0.5,0)) -> 1 | K36: =+AVERAGEIF($B$2:$B$45,B36,$J$2:$J$45) -> 1
A37: 7d | B37: ACTIVIDADES DE MONITOREO | C37: El jefe de control interno o quien haga sus veces, ha podido evidenciar si en la entidad si el manejo que se ha hecho a los problemas que afectan el cumplimiento de sus metas y objetivos (riesgos) le ha permitido: | D37: d | E37: Algún mecanismo para monitorear o supervisar el sistema de control interno institucional, ya sea por parte del representante legal, o del área de control interno (si la entidad cuenta con ella), o bien a través del Comité departamental o municipal de Auditoría. | F37: =+VLOOKUP(A37,'Estado SCI'!$A$16:$I$59,9,0) -> Mantenimiento del control | G37: =+VLOOKUP(A37,'Estado SCI'!$A$16:$L$59,12,0) -> 120.8512 | H37: =+_xlfn.RANK.EQ(G37,$G$2:$G$45,1) -> 36 | I37: =+IF(VLOOKUP(A37,'Estado SCI'!$A$16:$G$59,7,0)="","",VLOOKUP(A37,'Estado SCI'!$A$16:$G$59,7,0)) -> Si | J37: =+IF(I37="Si",1,IF(I37="En proceso",0.5,0)) -> 1 | K37: =+AVERAGEIF($B$2:$B$45,B37,$J$2:$J$45) -> 1
A38: 7f | B38: ACTIVIDADES DE MONITOREO | C38: Los líderes de los programas, proyectos, o procesos de la entidad junto con sus equipos de trabajo: | D38: f | E38: Medidas correctivas en caso de detectarse deficiencias en los ejercicios de evaluación, seguimiento o auditoría | F38: =+VLOOKUP(A38,'Estado SCI'!$A$16:$I$59,9,0) -> Mantenimiento del control | G38: =+VLOOKUP(A38,'Estado SCI'!$A$16:$L$59,12,0) -> 120.85123 | H38: =+_xlfn.RANK.EQ(G38,$G$2:$G$45,1) -> 37 | I38: =+IF(VLOOKUP(A38,'Estado SCI'!$A$16:$G$59,7,0)="","",VLOOKUP(A38,'Estado SCI'!$A$16:$G$59,7,0)) -> Si | J38: =+IF(I38="Si",1,IF(I38="En proceso",0.5,0)) -> 1 | K38: =+AVERAGEIF($B$2:$B$45,B38,$J$2:$J$45) -> 1
A39: 7g | B39: ACTIVIDADES DE MONITOREO | C39: Los líderes de los programas, proyectos, o procesos de la entidad junto con sus equipos de trabajo: | D39: g | E39: Seguimiento a los planes de mejoramiento suscritos con instancias de control internas o externas | F39: =+VLOOKUP(A39,'Estado SCI'!$A$16:$I$59,9,0) -> Mantenimiento del control | G39: =+VLOOKUP(A39,'Estado SCI'!$A$16:$L$59,12,0) -> 120.85123 | H39: =+_xlfn.RANK.EQ(G39,$G$2:$G$45,1) -> 38 | I39: =+IF(VLOOKUP(A39,'Estado SCI'!$A$16:$G$59,7,0)="","",VLOOKUP(A39,'Estado SCI'!$A$16:$G$59,7,0)) -> Si | J39: =+IF(I39="Si",1,IF(I39="En proceso",0.5,0)) -> 1 | K39: =+AVERAGEIF($B$2:$B$45,B39,$J$2:$J$45) -> 1
A40: 8h | B40: ACTIVIDADES DE MONITOREO | C40: Los líderes de los programas, proyectos, o procesos de la entidad junto con sus equipos de trabajo: | D40: h | E40: La entidad participa en el Comité Municipal de Auditoría? | F40: =+VLOOKUP(A40,'Estado SCI'!$A$16:$I$59,9,0) -> Mantenimiento del control | G40: =+VLOOKUP(A40,'Estado SCI'!$A$16:$L$59,12,0) -> 120.85123 | H40: =+_xlfn.RANK.EQ(G40,$G$2:$G$45,1) -> 39 | I40: =+IF(VLOOKUP(A40,'Estado SCI'!$A$16:$G$59,7,0)="","",VLOOKUP(A40,'Estado SCI'!$A$16:$G$59,7,0)) -> Si | J40: =+IF(I40="Si",1,IF(I40="En proceso",0.5,0)) -> 1 | K40: =+AVERAGEIF($B$2:$B$45,B40,$J$2:$J$45) -> 1
A41: 9a | B41: ACTIVIDADES DE MONITOREO | C41: Los líderes de los programas, proyectos, o procesos de la entidad junto con sus equipos de trabajo: | D41: a | E41: Evitar que los problemas (riesgos) obstaculicen el cumplimiento de los objetivos. | F41: =+VLOOKUP(A41,'Estado SCI'!$A$16:$I$59,9,0) -> Mantenimiento del control | G41: =+VLOOKUP(A41,'Estado SCI'!$A$16:$L$59,12,0) -> 120.85123 | H41: =+_xlfn.RANK.EQ(G41,$G$2:$G$45,1) -> 40 | I41: =+IF(VLOOKUP(A41,'Estado SCI'!$A$16:$G$59,7,0)="","",VLOOKUP(A41,'Estado SCI'!$A$16:$G$59,7,0)) -> Si | J41: =+IF(I41="Si",1,IF(I41="En proceso",0.5,0)) -> 1 | K41: =+AVERAGEIF($B$2:$B$45,B41,$J$2:$J$45) -> 1
A42: 9b | B42: ACTIVIDADES DE MONITOREO | C42: Para el manejo de los problemas que afectan el cumplimiento de las metas u objetivos institucionales (riesgos), el jefe de control interno o quien haga sus veces, ha podido evidenciar si en la entidad: | D42: b | E42: Controlar los puntos críticos en los procesos. | F42: =+VLOOKUP(A42,'Estado SCI'!$A$16:$I$59,9,0) -> Mantenimiento del control | G42: =+VLOOKUP(A42,'Estado SCI'!$A$16:$L$59,12,0) -> 120.85123 | H42: =+_xlfn.RANK.EQ(G42,$G$2:$G$45,1) -> 41 | I42: =+IF(VLOOKUP(A42,'Estado SCI'!$A$16:$G$59,7,0)="","",VLOOKUP(A42,'Estado SCI'!$A$16:$G$59,7,0)) -> Si | J42: =+IF(I42="Si",1,IF(I42="En proceso",0.5,0)) -> 1 | K42: =+AVERAGEIF($B$2:$B$45,B42,$J$2:$J$45) -> 1
A43: 9c | B43: ACTIVIDADES DE MONITOREO | C43: Para el manejo de los problemas que afectan el cumplimiento de las metas u objetivos institucionales (riesgos), el jefe de control interno o quien haga sus veces, ha podido evidenciar si en la entidad: | D43: c | E43: Diseñar acciones adecuadas para controlar los problemas que afectan el cumplimiento de las metas y objetivos institucionales (riesgos). | F43: =+VLOOKUP(A43,'Estado SCI'!$A$16:$I$59,9,0) -> Mantenimiento del control | G43: =+VLOOKUP(A43,'Estado SCI'!$A$16:$L$59,12,0) -> 120.85123 | H43: =+_xlfn.RANK.EQ(G43,$G$2:$G$45,1) -> 42 | I43: =+IF(VLOOKUP(A43,'Estado SCI'!$A$16:$G$59,7,0)="","",VLOOKUP(A43,'Estado SCI'!$A$16:$G$59,7,0)) -> Si | J43: =+IF(I43="Si",1,IF(I43="En proceso",0.5,0)) -> 1 | K43: =+AVERAGEIF($B$2:$B$45,B43,$J$2:$J$45) -> 1
A44: 9d | B44: ACTIVIDADES DE MONITOREO | C44: Para el manejo de los problemas que afectan el cumplimiento de las metas u objetivos institucionales (riesgos), el jefe de control interno o quien haga sus veces, ha podido evidenciar si en la entidad: | D44: d | E44: Ejecutar las acciones de acuerdo a como se diseñaron previamente. | F44: =+VLOOKUP(A44,'Estado SCI'!$A$16:$I$59,9,0) -> Mantenimiento del control | G44: =+VLOOKUP(A44,'Estado SCI'!$A$16:$L$59,12,0) -> 120.85123 | H44: =+_xlfn.RANK.EQ(G44,$G$2:$G$45,1) -> 43 | I44: =+IF(VLOOKUP(A44,'Estado SCI'!$A$16:$G$59,7,0)="","",VLOOKUP(A44,'Estado SCI'!$A$16:$G$59,7,0)) -> Si | J44: =+IF(I44="Si",1,IF(I44="En proceso",0.5,0)) -> 1 | K44: =+AVERAGEIF($B$2:$B$45,B44,$J$2:$J$45) -> 1
A45: 9e | B45: ACTIVIDADES DE MONITOREO | C45: Para el manejo de los problemas que afectan el cumplimiento de las metas u objetivos institucionales (riesgos), el jefe de control interno o quien haga sus veces, ha podido evidenciar si en la entidad: | D45: e | E45: No se gestionan los problemas que afectan el cumplimiento de las funciones y objetivos institucionales(riesgos). | F45: =+VLOOKUP(A45,'Estado SCI'!$A$16:$I$59,9,0) -> Mantenimiento del control | G45: =+VLOOKUP(A45,'Estado SCI'!$A$16:$L$59,12,0) -> 120.85123 | H45: =+_xlfn.RANK.EQ(G45,$G$2:$G$45,1) -> 44 | I45: =+IF(VLOOKUP(A45,'Estado SCI'!$A$16:$G$59,7,0)="","",VLOOKUP(A45,'Estado SCI'!$A$16:$G$59,7,0)) -> Si | J45: =+IF(I45="Si",1,IF(I45="En proceso",0.5,0)) -> 1 | K45: =+AVERAGEIF($B$2:$B$45,B45,$J$2:$J$45) -> 1
